 Dungeon Crawl Stone Soup version 0.24.0-29-g8ce449bc06 (webtiles) character file.

Game seed: 10695986400072260846, levelgen mode: deterministic

11761617 Ponchio the Conqueror (level 27, 139/139 HPs)
             Began as a Gargoyle Fighter on Nov 13, 2019.
             Was the Champion of the Shining One.
             Escaped with the Orb
             ... and 15 runes on Nov 14, 2019!
             The game lasted 11:07:16 (142020 turns).

Ponchio the Conqueror (Gargoyle Fighter)          Turns: 142020, Time: 11:07:17

Health: 139/139    AC: 51    Str: 27    XL:     27
Magic:  47/47      EV: 40    Int: 26    God:    the Shining One [******]
Gold:   17971      SH: 32    Dex: 25    Spells: 59/76 levels left

rFire    + + +     SeeInvis .   V - +9 sacred scourge (holy)
rCold    + + +     Gourm    .   r - +4 large shield {reflect}
rNeg     + + +     Faith    .   P - +4 scale mail "Ivynycs" {rElec rF+ rCorr}
rPois    ∞         Spirit   .   T - +2 helmet "Runuc" {Str+2 Int+4}
rElec    +         Reflect  +   B - scarf {rC+ rF+}
rCorr    +         Harm     .   c - +3 pair of gloves of Feasting {rF+ Dex+3}
MR       +++++     Clarity  +   o - +2 pair of boots of Knowledge {Int+4} Stlth ..........Rnd*Tele +
                                K - amulet of the Four Winds {rN+ MR+++ Clar}
HPRegen  0.33/turn              I - ring "Vatap" {EV+5 Str+3 Dex+8}
MPRegen  0.30/turn              j - ring of Dogax {rC++ Int+7 Stlth-}

@: glowing
A: big wings, claws 1, berserk 1, blurry vision 1, clumsy 2, deterioration 1,
frail 3, low mp 1, mutation resistance 1, negative energy resistance 1, sense
surroundings 1, screaming 1, electricity resistance, teleportitis 1,
unbreathing, petrification resistance, rot immunity, subdued magic 1, AC +20
0: Orb of Zot
}: 15/15 runes: decaying, slimy, silver, golden, iron, obsidian, icy, bone,
abyssal, demonic, glowing, magical, fiery, dark, gossamer
a: Fly, Divine Shield, Cleansing Flame, Summon Divine Warrior, Renounce Religion


You escaped.
You worshipped the Shining One.
The Shining One was exalted by your worship.
You were not hungry.

You visited 18 branches of the dungeon, and saw 90 of its levels.
You visited Pandemonium 2 times, and saw 17 of its levels.
You visited the Abyss 2 times.
You visited 1 ziggurat, and saw 17 of its levels.
You also visited: Trove, Bailey, Ice Cave and Wizlab.

You collected 19490 gold pieces.
You spent 1519 gold pieces at shops.

Inventory:

Hand Weapons
 d - the +6 sword of Cerebov {flame}
   (You took it off Cerebov in Pandemonium)

   It has been specially enchanted to burn those struck by it, causing extra
   injury to most foes and up to half again as much damage against particularly
   susceptible opponents.
   Big, fiery blades are also staple armaments of hydra-hunters.
   The Shining One disapproves of the use of such an item.
 n - a +9 whip of electrocution
 F - the +7 sceptre of Asmodeus
   (You took it off Asmodeus on level 7 of Gehenna)

   The Shining One disapproves of the use of such an item.
 G - the +4 staff of Dispater
   (You took it off Dispater on level 7 of the Iron City of Dis)

   The Shining One disapproves of the use of such an item.
 J - the +5 battleaxe of Irritation {protect, *Rage rPois Dex+6}
   (You found it in Pandemonium)

   It grants its wielder temporary protection when it strikes (+7 to AC).
   It affects your dexterity (+6).
   It protects you from poison.
   It may make you go berserk in combat.
 V - a +9 sacred scourge of holy wrath (weapon)
Armour
 c - the +3 pair of gloves of Feasting (worn) {rF+ Dex+3}
   (You found it in Pandemonium)

   It affects your dexterity (+3).
   It protects you from fire.
 o - the +2 pair of boots of Knowledge (worn) {Int+4}
   (You acquired it on level 1 of the Swamp)

   It affects your intelligence (+4).
 r - a +4 large shield of reflection (worn)
 B - a scarf of resistance (worn)
 P - the +4 scale mail "Ivynycs" (worn) {rElec rF+ rCorr}
   (You took it off a rakshasa on level 4 of the Depths)

   It protects you from fire.
   It insulates you from electricity.
   It provides partial protection from all sources of acid and corrosion.
 T - the +2 helmet "Runuc" (worn) {Str+2 Int+4}
   (You found it in Pandemonium)

   It affects your strength (+2).
   It affects your intelligence (+4).
Jewellery
 b - the ring "Orups" {*Contam rF+ Str+7}
   (You found it on level 3 of a ziggurat)

   [ring of protection from fire]

   It affects your strength (+7).
   It protects you from fire.
   It causes magical contamination when unequipped.
 e - a +5 ring of slaying
 i - a cursed ring of attention {unknown}
 j - the ring of Dogax (right hand) {rC++ Int+7 Stlth-}
   (You found it on level 3 of the Elven Halls)

   [ring of attention]

   It affects your intelligence (+7).
   It greatly protects you from cold.
   It makes you less stealthy.
 k - an uncursed ring of ice
 I - the ring "Vatap" (left hand) {EV+5 Str+3 Dex+8}
   (You found it on level 3 of the Crypt)

   [ring of evasion]

   It affects your evasion (+5).
   It affects your strength (+3).
   It affects your dexterity (+8).
 K - the amulet of the Four Winds (around neck) {rN+ MR+++ Clar}
   (You found it on level 3 of the Elven Halls)

   [amulet of nothing]

   It protects you from negative energy.
   It affects your resistance to hostile enchantments.
   It protects you against confusion.
 O - the ring "Togymuu" {Fire rN+ Str+3}
   (You found it on level 14 of a ziggurat)

   [ring of fire]

   It enhances your fire magic.
   It affects your strength (+3).
   It protects you from fire.
   It makes you vulnerable to cold.
   It protects you from negative energy.
 U - an uncursed ring of ice
 X - the ring of Fopryc {+Fly Dex+2 Slay+3 Stlth+}
   (You found it in Pandemonium)

   [ring of slaying]

   It affects your dexterity (+2).
   It affects your accuracy and damage with ranged weapons and melee attacks
   (+3).
   It lets you fly.
   It makes you more stealthy.
Scrolls
 a - 13 scrolls of identify
 g - 20 scrolls of blinking
 h - 48 scrolls of teleportation
 p - 37 scrolls of remove curse
 q - 3 scrolls of holy word
 t - 9 scrolls of magic mapping
 u - 14 scrolls of fear
 y - 4 scrolls of enchant armour
 D - 2 scrolls of amnesia
 L - 15 scrolls of fog
 M - 6 scrolls of enchant weapon
Potions
 m - 6 potions of agility
 v - 10 potions of might
 w - 4 potions of berserk rage
 z - 8 potions of mutation
 A - a potion of magic
 C - 2 potions of brilliance
 E - 2 potions of heal wounds
 N - a potion of ambrosia
 Q - a potion of haste
 S - 7 potions of curing
 W - 3 potions of resistance
 Y - a potion of experience
 Z - 6 potions of cancellation
Miscellaneous
 l - a fan of gales
 s - a lamp of fire
 x - a phial of floods
 H - the horn of Geryon
 R - 11 phantom mirrors
Comestibles
 f - 54 rations


   Skills:
 O Level 27 Fighting
 O Level 27 Maces & Flails
 O Level 27 Armour
 O Level 27 Dodging
 O Level 27 Shields
 - Level 25.4 Spellcasting
 + Level 12.3 Conjurations
 - Level 20.3 Translocations
 + Level 11.3 Fire Magic
 O Level 27 Invocations
 O Level 27 Evocations


You had 59 spell levels left.
You knew the following spells:

 Your Spells              Type           Power        Failure   Level  Hunger
a - Controlled Blink      Tloc           N/A          1%          8    ####...
b - Fire Storm            Conj/Fire      ######....   100%        9    ######.

Your spell library contained the following spells:

 Spells                   Type           Power        Failure   Level  Hunger
 Apportation              Tloc           ######       0%          1    None
 Flame Tongue             Conj/Fire      #####        0%          1    None
 Magic Dart               Conj           ####         0%          1    None
 Blink                    Tloc           N/A          0%          2    None
 Searing Ray              Conj           ######       0%          2    None
 Shroud of Golubria       Chrm/Tloc      ######       0%          2    None
 Throw Flame              Conj/Fire      ######       0%          2    None
 Conjure Flame            Conj/Fire      ######..     0%          3    None
 Gell's Gravitas          Tloc           #######...   0%          3    None
 Lesser Beckoning         Tloc           #######...   0%          3    None
 Teleport Other           Tloc           #######.     0%          3    None
 Force Lance              Conj/Tloc      ######..     0%          4    None
 Animate Skeleton         Necr           N/A          1%          1    None
 Beastly Appendage        Tmut           ####..       1%          1    None
 Confusing Touch          Hex            ####..       1%          1    None
 Corona                   Hex            ####...      1%          1    None
 Freeze                   Ice            ####         1%          1    None
 Infusion                 Chrm           ####         1%          1    None
 Pain                     Necr           ####         1%          1    None
 Sandblast                Erth           ####..       1%          1    None
 Shock                    Conj/Air       ####         1%          1    None
 Sting                    Conj/Pois      ####         1%          1    None
 Summon Butterflies       Summ           ####....     1%          1    None
 Summon Small Mammal      Summ           ####         1%          1    None
 Call Imp                 Summ           ####....     1%          2    None
 Corpse Rot               Necr           N/A          1%          2    None
 Ensorcelled Hibernation  Hex/Ice        ####..       1%          2    None
 Passwall                 Tmut/Erth      ####....     1%          2    None
 Poisonous Vapours        Pois/Air       ####..       1%          2    None
 Slow                     Hex            ####....     1%          2    None
 Song of Slaying          Chrm           ####....     1%          2    None
 Sticks to Snakes         Tmut           ####....     1%          2    None
 Swiftness                Chrm/Air       ####....     1%          2    None
 Throw Frost              Conj/Ice       ######       1%          2    None
 Dazzling Spray           Conj/Hex       ######       1%          3    None
 Ignite Poison            Fire/Tmut/Pois #####...     1%          3    None
 Inner Flame              Hex/Fire       #####...     1%          3    None
 Mephitic Cloud           Conj/Pois/Air  #####...     1%          3    None
 Portal Projectile        Hex/Tloc       ######       1%          3    None
 Recall                   Summ/Tloc      N/A          1%          3    None
 Static Discharge         Conj/Air       ######..     1%          3    None
 Stone Arrow              Conj/Erth      ######       1%          3    None
 Fulminant Prism          Conj/Hex       ######....   1%          4    None
 Iskenderun's Mystic Bla  Conj           ######..     1%          4    None
 Sticky Flame             Conj/Fire      ######..     1%          4    None
 Throw Icicle             Conj/Ice       ######..     1%          4    None
 Bolt of Magma            Conj/Fire/Erth ######....   1%          5    None
 Fireball                 Conj/Fire      ######....   1%          5    None
 Summon Forest            Summ/Tloc      ######....   1%          5    None
 Bolt of Fire             Conj/Fire      ######....   1%          6    None
 Dispersal                Tloc           #######...   1%          6    None
 Disjunction              Tloc           #######...   1%          8    ####...
 Bolt of Draining         Conj/Necr      ######....   2%          5    None
 Irradiate                Conj/Tmut      ######....   2%          5    None
 Iskenderun's Battlesphe  Conj/Chrm      ######..     2%          5    None
 Lightning Bolt           Conj/Air       ######....   2%          5    None
 Venom Bolt               Conj/Pois      ######....   2%          5    None
 Call Canine Familiar     Summ           ####....     3%          3    None
 Confuse                  Hex            ####....     3%          3    None
 Ozocubu's Armour         Chrm/Ice       ####....     3%          3    None
 Regeneration             Chrm/Necr      ####......   3%          3    None
 Spectral Weapon          Hex/Chrm       ####....     3%          3    None
 Spider Form              Tmut/Pois      ####......   3%          3    None
 Summon Guardian Golem    Hex/Summ       ####....     3%          3    None
 Tukima's Dance           Hex            ####....     3%          3    None
 Vampiric Draining        Necr           ####......   3%          3    None
 Orb of Destruction       Conj           ######....   6%          7    ##.....
 Airstrike                Air            ####......   11%         4    None
 Animate Dead             Necr           N/A          11%         4    None
 Cause Fear               Hex            ####......   11%         4    None
 Ice Form                 Ice/Tmut       ####....     11%         4    None
 Leda's Liquefaction      Hex/Erth       ####......   11%         4    None
 Olgreb's Toxic Radiance  Pois           ####....     11%         4    None
 Petrify                  Tmut/Erth      ####....     11%         4    None
 Summon Ice Beast         Ice/Summ       ####....     11%         4    None
 Summon Lightning Spire   Summ/Air       ####....     11%         4    None
 Conjure Ball Lightning   Conj/Air       ######....   13%         6    None
 Iron Shot                Conj/Erth      ######....   13%         6    None
 Poison Arrow             Conj/Pois      ######....   13%         6    None
 Malign Gateway           Summ/Tloc      ######....   14%         7    ##.....
 Agony                    Necr           ####....     32%         5    None
 Alistair's Intoxication  Tmut/Pois      ####....     32%         5    None
 Aura of Abjuration       Summ           ####......   32%         5    None
 Blade Hands              Tmut           ####......   32%         5    None
 Borgnjor's Vile Clutch   Necr/Erth      ####......   32%         5    None
 Dispel Undead            Necr           ####....     32%         5    None
 Excruciating Wounds      Chrm/Necr      ####......   32%         5    None
 Lee's Rapid Deconstruct  Erth           ####......   32%         5    None
 Metabolic Englaciation   Hex/Ice        ####......   32%         5    None
 Silence                  Hex/Air        ####......   32%         5    None
 Summon Demon             Summ           ####......   32%         5    None
 Summon Mana Viper        Hex/Summ       ####....     32%         5    None
 Yara's Violent Unravell  Hex/Tmut       ####......   32%         5    None
 Freezing Cloud           Conj/Ice/Air   #####.....   32%         6    None
 Ignition                 Fire           ######....   58%         8    ####...
 Spellforged Servitor     Conj/Summ      ######....   61%         7    ##.....
 Ring of Flames           Chrm/Fire      #####.....   69%         7    ##.....
 Death Channel            Necr           ####......   88%         6    None
 Deflect Missiles         Chrm/Air       ####......   88%         6    None
 Hydra Form               Tmut           ####......   88%         6    None
 Invisibility             Hex            ####....     88%         6    None
 Shadow Creatures         Summ           N/A          88%         6    None
 Simulacrum               Ice/Necr       ####......   88%         6    None
 Dragon Form              Tmut           ####......   100%        7    ##.....
 Summon Hydra             Summ           ####......   100%        7    ##.....
 Chain Lightning          Conj/Air       ######....   100%        8    ####...
 Discord                  Hex            ####......   100%        8    ####...
 Infestation              Necr           ####......   100%        8    ####...
 Lehudib's Crystal Spear  Conj/Erth      ######....   100%        8    ####...
 Dragon's Call            Summ           ####......   100%        9    ######.
 Glaciate                 Conj/Ice       ######....   100%        9    ######.
 Shatter                  Erth           ####......   100%        9    ######.
 Tornado                  Air            ####......   100%        9    ######.
 Passage of Golubria      Tloc           Unusable     N/A         4    N/A
 Sublimation of Blood     Necr           Unusable     N/A         2    N/A
 Statue Form              Tmut/Erth      Unusable     N/A         6    N/A

Dungeon Overview and Level Annotations

Branches:
Dungeon (15/15)            Temple (1/1) D:5            Lair (6/6) D:10
  Swamp (4/4) Lair:4       Spider (4/4) Lair:2        Slime (5/5) Lair:6
    Orc (2/2) D:9             Elf (3/3) Orc:2        Vaults (5/5) D:14
  Crypt (3/3) Vaults:3       Tomb (3/3) Crypt:3      Depths (5/5) D:15
   Hell (visited)             Dis (7/7) Hell            Geh (7/7) Hell
    Coc (7/7) Hell            Tar (7/7) Hell            Zot (5/5) Depths:5
 Bailey (visited)           IceCv (visited)          WizLab (visited)

Altars:
Ashenzari
Cheibriados
Dithmenos
Elyvilon
Fedhas
Gozag
Hepliaklqana
Kikubaaqudgha
Makhleb
Nemelex Xobeh
Okawaru
Qazlal
Ru
Sif Muna
Trog
Uskayaw
Vehumet
Wu Jian
Xom
Yredelemnul
Zin
The Shining One
Beogh

Shops:
D:9 *   D:12 [   Orc:1 ?   Orc:2 ?=((   Elf:2 }   Vaults:1 *   Vaults:2 (
Vaults:3 =   Vaults:4 !   Depths:4 *

Portals:
Hell: Depths:1 Depths:2 Depths:3 Depths:4 Depths:5
Abyss: Depths:3 Depths:4 Depths:5
Pandemonium: Depths:2 Depths:3
Ziggurat: Depths:4

Annotations:
Lair:3 exclusion: oklob plant
Depths:4 1 runed translucent door


Innate Abilities, Weirdness & Mutations

You are resistant to torment.
Your stone body is resilient. (AC +20)
You are immune to poison.
Your large and strong wings let you fly indefinitely.
You resist negative energy. (rN+)
You are resistant to electric shocks. (rElec)
You can survive without breathing.
You are immune to petrification.
You are immune to rotting.
You have sharp fingernails.
You tend to lose your temper in combat.
Scrolls take you a little longer to read.
You are very clumsy. (Dex -4)
Your body sometimes deteriorates upon taking damage.
You are extremely frail. (-30% HP)
Your magical capacity is low. (-10% MP)
You are somewhat resistant to further mutation.
You passively map a small area around you.
You occasionally shout uncontrollably at your foes.
You are occasionally teleported next to monsters.
Your spells are a little easier to cast, but a little less powerful.


Message History

You thrash the sun demon!!
The sun demon convulses!
You kill the sun demon!
The Shining One accepts your kill. You block the sun demon's attack.
You thrash the sun demon!!
The sun demon convulses!!
The sun demon is severely wounded.
You punish the sun demon, causing immense pain!!!
You kill the sun demon!
The Shining One accepts your kill.
No target in view!
A smoke demon comes into view.
The smoke demon roars!
You thrash the smoke demon!!
The smoke demon convulses!!
You kill the smoke demon!
The Shining One accepts your kill.
No target in view!
There is an escape hatch in the ceiling here.
A mysterious force pulls you upwards. The hatch slams shut behind you.
There is a staircase leading out of the dungeon here.
You have escaped!

#.# #.....#...#...#..........#
#.####..#...#..#..#...#..#.####
#.##.....#..#..#..#(.#.....#
##.##......#..#.#.#..#......#
#.......#...#.#.#.#.#...#...#
.....#...##..#.#.#.#..##....#####
..........(##.#...#.##......>....
.....#.......#.....#........####.
#..)##.######)..@...######..# #.
##.###.......#.....#........# #.
#(..#.....##.#...#.##......# #.
##......##..#.#.#.#..##....# #.
#..#..#...#.#.#.#.#...#...# #.
#..#.....#..#.#.#..#......# #.
#..#....#..#..#..#..#.....# #.
#....).#...#..#..#...#..#.# #.
#.........#...#...#.....#.# #.


There were no monsters in sight!

Vanquished Creatures
  Cerebov (Pan)
  the Royal Jelly (Slime:5)
  Asmodeus (Geh:7)
  Ereshkigal (Tar:7)
  Gloorx Vloq (Pan)
  Lom Lobon (Pan)
  Ignacio (Pan)
  the Serpent of Hell (Dis:7)
  Mnoleg (Pan)
  12 ancient liches
  5 orbs of fire
  Boris (Tomb:3)
  2 juggernauts
  43 greater mummies
  Sojobo (Vaults:2)
  13 Killer Klowns
  28 shard shrikes
  Margery (Crypt:2)
  Saint Roka (Elf:3)
  Geryon (Hell)
  4 curse toes
  A caustic shrike (Depths:4)
  8 golden dragons
  Jory (Depths:2)
  39 bone dragons
  62 Tzitzimimeh
  13 doom hounds
  13 iron giants
  25 liches
  3 hellephants (Abyss:3)
  45 Brimstone Fiends
  Jorgrun (Swamp:2)
  5 electric golems
  18 tentacled monstrosities
  37 Ice Fiends
  17 Hell Sentinels
  3 deep elf master archers
  Asterion (Lair:2)
  6 deep elf blademasters
  27 Orb Guardians
  18 titans
  24 pandemonium lords
  12 quicksilver dragons
  2 quicksilver dragons (shapeshifter)
  37 Executioners
  6 death cobs
  23 ancient champions
  30 acid blobs
  14 eldritch tentacles
  14 tentacled starspawn
  5 thorn hunters
  37 shadow dragons
  12 sphinxes
  Frances (Swamp:1)
  A sphinx (shapeshifter) (Vaults:5)
  The ghost of Kipt the Spry, an adept SpFE of Dithmenos (Vaults:3)
  21 storm dragons
  The ghost of Johnny the Fencer, an adept TrBe of Trog (Elf:2)
  3 revenants
  18 azure jellies
  3 draconian monks
  8 nagarajas (Zig:16)
  22 fire giants
  12 tengu reavers
  4 frost giants
  7 deep elf sorcerers
  7 warmongers
  11 ghost moths
  11 iron dragons
  25 cacodemons
  13 vault wardens
  44 balrugs
  3 draconian knights
  An orc warlord (Orc:1)
  5 draconian scorchers
  Aizul (Spider:1)
  5 emperor scorpions (Spider:4)
  6 curse skulls
  5 deep elf elementalists
  5 draconian annihilators
  6 draconian shifters
  108 reapers
  20 blood saints
  18 ironheart preservers
  2 elemental wellsprings
  26 very ugly things
  2 draconian stormcallers
  20 war gargoyles
  2 juggernaut skeletons
  12 bennus
  A stone giant (shapeshifter) (Zig:17)
  24 stone giants
  11 vampire knights
  15 deep elf demonologists
  6 green draconians
  9 corrupters
  36 lorocyprocas
  9 purple draconians
  7 black draconians
  An entropy weaver (Vaults:5)
  14 black suns (Pan)
  5 red draconians
  6 dire elephants (Abyss:3)
  12 deep elf annihilators
  9 white draconians
  Azrael (Spider:1)
  17 ettins
  A dire elephant (shapeshifter) (Zig:17)
  8 spark wasps
  7 yellow draconians
  58 blizzard demons
  11 eidola
  18 yaktaur captains
  A fire dragon (shapeshifter) (Depths:1)
  26 green deaths
  11 jiangshi
  An ettin (shapeshifter) (Zig:7)
  15 deep elf death magi
  3 crystal guardians
  6 quicksilver dragon zombies
  17 ogre magi
  37 mummy priests
  8 death oozes (Slime:5)
  Josephine (Orc:2)
  6 deep elf high priests
  11 fire dragons
  34 vault guards
  4 kraken zombies
  16 great orbs of eyes
  12 monstrous demonspawn (Pan)
  22 hydras
  6 quicksilver dragon skeletons
  7 rakshasas
  6 hell beasts
  4 shambling mangroves
  The ghost of PentaManta the Covert, a journeyman OpAs of Dithmenos (Lair:1)
  Harold (D:7)
  An anaconda (Zig:16)
  5 naga warriors
  2 juggernaut simulacra (Pan)
  7 spriggan air magi
  40 ice dragons
  A catoblepas (Lair:6)
  8 centaur warriors
  16 ghost crabs
  Erica (D:9)
  6 death knights
  A merfolk avatar (Lair:6)
  14 alligators
  48 two-headed ogres
  7 vampire magi
  An alligator (shapeshifter) (Vaults:5)
  A two-headed ogre (shapeshifter) (Vaults:5)
  A spectral spriggan (Zig:12)
  10 deep troll earth magi
  11 tengu warriors
  40 death scarabs
  3 shock serpents (Zig:16)
  3 death yaks
  A naga sharpshooter (Zig:16)
  21 titan zombies
  9 deep troll shamans
  7 thrashing horrors
  43 dancing weapons
  44 hell hogs
  The ghost of havocjr3 the Nimble, a novice GnGl of Hepliaklqana (D:9)
  76 soul eaters
  11 spriggan berserkers
  81 hell knights
  63 sun demons
  11 storm dragon zombies
  9 iron golems
  2 fire crabs (Zig:13)
  A fire crab (shapeshifter) (Depths:3)
  19 wretched stars
  12 titan skeletons
  4 iron trolls
  35 shadow wraiths
  11 golden dragon zombies
  29 deep elf knights
  A salamander mystic (Depths:5)
  30 sixfirhies
  28 anaconda zombies
  40 deep trolls
  5 spatial maelstroms
  207 skeletal warriors
  4 spriggan druids
  2 death drakes
  6 infernal demonspawn (Pan)
  48 shadow demons
  A quicksilver dragon simulacrum (Crypt:1)
  A sea snake (Lair:6)
  A deep troll (shapeshifter) (Zig:7)
  5 unseen horrors
  4 ghost moth zombies
  10 storm dragon skeletons
  34 flayed ghosts
  3 death drakes (shapeshifter)
  23 deep elf archers
  8 glowing orange brains
  A naga ritualist (Zig:16)
  10 swamp dragons
  51 phantasmal warriors
  A kraken simulacrum (Coc:3)
  19 anaconda skeletons
  21 shadow dragon zombies
  8 harpies
  16 golden dragon skeletons
  12 ironbrand convokers
  9 torturous demonspawn (Pan)
  10 wizards
  39 necromancers
  A sphinx zombie (Vaults:1)
  18 gelid demonspawn (Pan)
  8 orc knights
  74 ugly things
  A lindwurm (shapeshifter) (Zig:6)
  21 iron dragon zombies
  2 mana vipers (Zig:16)
  10 wolf spider zombies
  13 stone giant zombies
  8 shining eyes
  A mana viper (shapeshifter) (Depths:2)
  13 orb spiders
  93 deep elf magi
  37 wolf spiders
  15 frost giant zombies
  3 oklob plants
  4 manticores
  3 centaur zombies
  4 orc sorcerers
  24 moths of wrath
  7 shadow dragon skeletons
  4 cyclopes
  7 elephants
  A moth of wrath (shapeshifter) (Vaults:1)
  65 starcursed masses
  10 iron dragon skeletons
  15 fire giant zombies
  11 stone giant skeletons
  A shining eye (shapeshifter) (Depths:3)
  7 frost giant skeletons
  4 salamanders
  An elephant (shapeshifter) (Vaults:1)
  6 human skeletons
  14 fire giant skeletons
  6 ice statues
  Psyche (D:11)
  6 guardian serpents
  10 worldbinders
  14 black mambas
  A black mamba (shapeshifter) (Elf:3)
  68 rust devils
  10 naga magi
  6 apocalypse crabs
  3 shock serpent zombies
  13 dire elephant zombies
  31 orange demons
  50 smoke demons
  12 molten gargoyles (Geh:7)
  5 spectral swamp worms (Depths:1)
  7 eyes of devastation
  5 titan simulacra
  19 vault sentinels
  3 storm dragon simulacra
  A water nymph (shapeshifter) (Zig:7)
  4 gargoyles
  7 shock serpent skeletons
  2 purple draconian zombies (Geh:7)
  A spiny frog (shapeshifter) (Vaults:2)
  4 catoblepas zombies
  2 minotaur zombies
  10 spiny frogs
  2 yaktaurs (shapeshifter)
  2 kobold demonologists
  93 tormentors
  3 torpor snails
  14 dire elephant skeletons
  28 demonic crawlers
  4 emperor scorpion zombies
  59 hellions
  7 komodo dragons
  9 rime drakes
  28 efreet
  81 freezing wraiths
  46 hellwings
  2 komodo dragons (shapeshifter)
  79 ice devils
  36 yaktaurs
  3 anaconda simulacra
  63 guardian mummies
  18 ancient zymes
  55 red devils
  A red draconian skeleton (Crypt:1)
  A golden dragon simulacrum (Coc:4)
  3 catoblepas skeletons
  4 harpy zombies
  2 minotaur skeletons
  3 queen bees
  A death yak skeleton (Crypt:2)
  5 polar bears
  3 silent spectres
  34 jumping spiders
  A pale draconian skeleton (Crypt:2)
  4 meliai
  2 polar bears (shapeshifter)
  Prince Ribbit (Lair:2)
  A tengu simulacrum (Vaults:3)
  38 hydra zombies
  A queen bee (shapeshifter) (Depths:5)
  3 tengu conjurers
  A tyrant leech (shapeshifter) (Zig:7)
  18 trolls
  4 tyrant leeches
  5 harpy skeletons
  A wind drake (Lair:6)
  115 slime creatures
  11 fire dragon zombies
  15 raiju
  24 hornets
  19 hydra skeletons
  15 ice dragon zombies
  25 ettin zombies
  36 blink frogs
  19 alligator zombies
  10 bog bodies
  8 hippogriffs
  A fire giant simulacrum (Tar:4)
  A meliai zombie (D:14)
  4 dream sheep (shapeshifter)
  2 frost giant simulacra
  264 flying skulls
  4 human simulacra
  2 centaur simulacra (D:9)
  An elf skeleton (Zig:14)
  7 air elementals
  25 tarantellas
  16 ettin skeletons
  71 shadows
  7 wyverns
  95 wraiths
  A fire bat (shapeshifter) (Vaults:5)
  4 black mamba zombies
  11 spriggans
  97 large abominations
  12 ice dragon skeletons
  72 redbacks
  9 fire dragon skeletons
  A vampire (D:14)
  22 water elementals
  2 yaks (shapeshifter) (Vaults:3)
  57 ynoxinuls
  A human (shapeshifter) (Vaults:1)
  8 humans (D:14)
  30 yaks
  16 fire bats
  51 fire elementals
  A hog (shapeshifter) (Vaults:5)
  4 alligator skeletons
  32 ushabtiu
  4 basilisks
  A golden eye (shapeshifter) (Vaults:5)
  9 hungry ghosts
  2 death yak simulacra (IceCv)
  38 chaos spawn
  34 neqoxecs
  13 golden eyes
  21 vampire mosquitoes
  4 wargs
  Menkaure (D:7)
  18 swamp worms
  A deep troll zombie (Crypt:1)
  A glowing shapeshifter zombie (Crypt:1)
  17 spatial vortices
  A harpy simulacrum (Crypt:2)
  8 insubstantial wisps
  A torturous demonspawn zombie (Crypt:1)
  A two-headed ogre zombie (D:9)
  An orb spider zombie (Crypt:1)
  23 spiny frog zombies
  6 hydra simulacra
  4 nagas
  12 water moccasins
  A water nymph skeleton (Crypt:1)
  3 floating eyes
  A floating eye (shapeshifter) (D:15)
  168 hell hounds
  14 swamp drakes
  A black bear (D:10)
  10 porcupines
  28 ice beasts
  2 sky beasts
  12 spiny frog skeletons
  An ettin simulacrum (Vaults:3)
  35 orc warriors
  7 swamp dragon zombies
  11 snapping turtle zombies
  2 alligator simulacra
  An ice beast (shapeshifter) (Depths:2)
  17 eyes of draining
  5 manticore zombies
  11 wolves
  48 ogres
  16 phantoms
  3 boggarts (Depths:2)
  2 eyes of draining (shapeshifter) (Depths:3)
  55 necrophages
  5 swamp dragon skeletons
  23 centaurs
  6 manticore skeletons
  5 snapping turtle skeletons
  17 crocodiles
  A hippogriff zombie (Crypt:2)
  5 big kobolds
  2 elf zombies
  19 bullfrogs
  A komodo dragon skeleton (Crypt:2)
  3 spiny frog simulacra
  28 small abominations
  A gnoll sergeant (D:3)
  A deep troll simulacrum (Vaults:1)
  12 earth elementals
  9 wyvern skeletons (Crypt:3)
  2 scorpions
  A water moccasin skeleton (D:7)
  A spriggan zombie (Coc:5)
  A troll zombie (Dis:5)
  An elephant simulacrum (IceCv)
  A manticore simulacrum (Crypt:2)
  41 killer bees
  3 spriggan skeletons
  4 electric eels
  153 wights
  5 howler monkeys
  26 crimson imps
  4 quasits
  2 draconian simulacra (IceCv)
  A bullfrog zombie (D:11)
  4 human zombies
  6 jellies
  14 orc priests
  Crazy Yiuf (D:7)
  14 hounds
  20 orc wizards
  3 centaur skeletons
  4 gnoll shamans
  44 iron imps
  4 bullfrog skeletons
  6 iguanas
  6 worker ants
  Natasha (twice) (D:3)
  5 troll simulacra (IceCv)
  A polar bear simulacrum (IceCv)
  A spriggan simulacrum (IceCv)
  A killer bee zombie (D:6)
  8 ogre zombies
  A tengu zombie (Coc:3)
  4 naga zombies
  2 ogre skeletons
  A demigod skeleton (Crypt:3)
  A hound zombie (D:8)
  2 tengu skeletons
  72 mummies
  33 gnolls
  8 ogre simulacra (IceCv)
  11 adders
  A hound simulacrum (D:11)
  4 naga simulacra (IceCv)
  A steam dragon skeleton (Crypt:1)
  34 shadow imps
  38 white imps
  2 ufetubi
  5 oozes (D:9)
  An adder skeleton (D:7)
  4 worms (Spider:3)
  A ball lightning (Tomb:1)
  3 dart slugs (D:2)
  9 leopard geckos
  123 orcs
  8 bats
  5 giant cockroaches
  10 goblins
  4 hobgoblins
  25 jackals
  31 kobolds
  7 frilled lizards
  A goblin skeleton (D:9)
  3 goblin zombies
  2 hobgoblin skeletons (D:9)
  3 hobgoblin zombies
  A jackal skeleton (D:6)
  A kobold skeleton (Coc:6)
  4 kobold zombies
  3 orc skeletons
  19 orc zombies
  A quokka zombie (D:5)
  5 rats
  4 crawling corpses (Elf:3)
  4 fire vortices
  A lurking horror (Abyss:3)
  2 plants
  11 starspawn tentacles
  11 tentacles
  3 withered plants (Crypt:3)
7594 creatures vanquished.

Vanquished Creatures (collateral kills)
  Antaeus (Coc:7)
  Dispater (Dis:7)
  Mennas (Tomb:1)
  A bone dragon (Tar:7)
  A Tzitzimitl (Tar:3)
  A doom hound (Tar:3)
  3 Ice Fiends
  2 acid blobs (Slime:5)
  An Executioner (Dis:7)
  A shadow dragon (Tar:3)
  2 reapers (Tar:3)
  A mummy priest (Tomb:1)
  2 skeletal warriors
  A phantasmal warrior (Tar:7)
  2 rust devils (Dis:7)
  A hellion (Geh:7)
  A guardian mummy (Tomb:1)
  2 wraiths (Tar:3)
  A shadow imp (Tar:3)
  A fire vortex (Geh:7)
27 creatures vanquished.

Vanquished Creatures (others)
  A deep elf master archer (Zig:15)
  An eldritch tentacle (Geh:6)
  A shadow dragon (Zig:12)
  A fire giant (Zig:13)
  3 elemental wellsprings (Coc:7)
  A blood saint (Pan)
  A stone giant (Depths:2)
  A lorocyproca (Pan)
  A blizzard demon (Pan)
  2 ettins
  2 yaktaur captains (Depths:5)
  A rakshasa (Pan)
  An ice dragon (Depths:5)
  2 centaur warriors
  A hell hog (Geh:6)
  3 dancing weapons (Zig:15)
  An orc high priest (Zig:6)
  A deep elf knight (Zig:15)
  An iron troll (shapeshifter) (Zig:17)
  A gelid demonspawn (Pan)
  A glowing orange brain (Pan)
  An ugly thing (Zig:17)
  5 deep elf magi
  A dire elephant skeleton (Geh:4)
  A freezing wraith (Crypt:3)
  4 yaktaurs
  A red devil (Geh:1)
  2 blink frogs (Swamp:3)
  A raiju (Abyss:3)
  A bog body (Swamp:4)
  2 ynoxinuls (Pan)
  A shadow (Tar:1)
  A redback (Spider:3)
  A golden eye (Pan)
  A human (D:14)
  2 hell hounds
  An orc warrior (Vaults:5)
  A centaur (Vaults:3)
  A wyvern skeleton (Crypt:3)
  7 wights
  2 crimson imps (Geh:3)
  A wolf skeleton (Crypt:2)
  A human skeleton (Geh:7)
  A mummy (Tomb:2)
  2 white imps
  17 ball lightnings
  2 orcs (Vaults:5)
  An orc skeleton (Geh:4)
  2 blocks of ice (Pan)
  5 briar patches
  7 fungi
  A lurking horror (Abyss:2)
  15 plants
  28 starspawn tentacles
  19 tentacles
  11 withered plants (Crypt:3)
178 creatures vanquished.

Grand Total: 7799 creatures vanquished

Notes
Turn   | Place    | Note
-------+----------+-------------------------------------------
     0 | D:1      | Ponchio the Gargoyle Fighter began the quest for the Orb.
     0 | D:1      | Reached XP level 1. HP: 14/14 MP: 1/1
   115 | D:1      | Reached XP level 2. HP: 17/19 MP: 2/2
   627 | D:1      | Reached XP level 3. HP: 23/24 MP: 3/3
  1067 | D:2      | Reached XP level 4. HP: 14/30 MP: 4/4
  1474 | D:2      | Found an opulent altar of Gozag.
  1475 | D:2      | Found a shimmering altar of Xom.
  1883 | D:3      | Reached XP level 5. HP: 34/34 MP: 5/5
  2022 | D:3      | Reached skill level 5 in Fighting
  2205 | D:3      | Noticed Natasha
  2219 | D:3      | Killed Natasha
  2318 | D:3      | Reached XP level 6. HP: 32/40 MP: 6/6
  2687 | D:3      | Noticed Natasha
  2693 | D:3      | Killed Natasha
  2693 | D:3      | Reached skill level 5 in Maces & Flails
  3015 | D:3      | Reached XP level 7. HP: 47/47 MP: 7/7
  4403 | D:4      | Reached XP level 8. HP: 47/53 MP: 8/8
  4960 | D:5      | Entered Level 5 of the Dungeon
  5949 | D:5      | Found a staircase to the Ecumenical Temple.
  5960 | Temple   | Entered the Ecumenical Temple
  5967 | Temple   | Became a worshipper of the Shining One
  6218 | D:6      | Found a hazy altar of Hepliaklqana.
  6453 | D:6      | Found a basalt altar of Yredelemnul.
  6538 | D:6      | Found a shadowy altar of Dithmenos.
  6539 | D:6      | Found a sacrificial altar of Ru.
  6541 | D:6      | Found a radiant altar of Vehumet.
  6625 | D:6      | Noticed a red ugly thing
  6637 | D:6      | Killed a red ugly thing
  6637 | D:6      | Reached XP level 9. HP: 32/61 MP: 9/9
  6898 | D:7      | Noticed Menkaure
  6924 | D:7      | Killed Menkaure
  7392 | D:7      | Reached * piety under the Shining One
  7427 | D:7      | Reached skill level 10 in Fighting
  7436 | D:7      | Reached skill level 10 in Maces & Flails
  7576 | D:7      | Noticed Harold
  7589 | D:7      | Killed Harold
  7589 | D:7      | Reached XP level 10. HP: 48/68 MP: 10/10
  7836 | D:7      | Found a runed translucent door.
  7837 | D:7      | Noticed Crazy Yiuf
  7843 | D:7      | Killed Crazy Yiuf
  8188 | D:8      | Reached skill level 1 in Dodging
  8213 | D:8      | Noticed a two-headed ogre
  8470 | D:8      | Noticed a two-headed ogre
  8492 | D:8      | Killed a two-headed ogre
  8501 | D:8      | Reached ** piety under the Shining One
  8579 | D:8      | Killed a two-headed ogre
  8768 | D:8      | Reached skill level 5 in Armour
  8768 | D:8      | Reached skill level 5 in Shields
  9098 | D:9      | Found a transporter.
  9118 | D:9      | Found a transporter.
  9119 | D:9      | Noticed havocjr3's ghost (novice GnGl)
  9183 | D:9      | Noticed Erica
  9197 | D:9      | Killed Erica
  9197 | D:9      | Reached XP level 11. HP: 72/73 MP: 11/11
  9201 | D:9      | Reached skill level 5 in Dodging
  9328 | D:9      | Reached *** piety under the Shining One
  9371 | D:9      | Found a staircase to the Orcish Mines.
  9401 | D:9      | Reached **** piety under the Shining One
  9523 | D:9      | Reached ***** piety under the Shining One
  9550 | D:9      | Found a shimmering altar of Xom.
  9574 | D:9      | Found Wifoash's General Store.
  9868 | D:10     | Entered Level 10 of the Dungeon
  9868 | D:10     | Found a staircase to the Lair.
 10503 | Lair:1   | Entered Level 1 of the Lair of Beasts
 10882 | Lair:1   | Found a transporter.
 11086 | Lair:1   | Found a transporter.
 11089 | Lair:1   | Noticed PentaManta's ghost (journeyman OpAs)
 11096 | Lair:1   | Noticed a moth of wrath
 11571 | Lair:1   | Killed PentaManta's ghost
 11588 | Lair:1   | Killed a moth of wrath
 11768 | Lair:1   | Got a coiled jade ring
 11809 | Lair:1   | Identified the ring "Oqej" {*Slow rC+ rN+++ Str+3 Int+4}
                  | (You found it on level 1 of the Lair of Beasts)
 11834 | Lair:2   | Noticed Prince Ribbit
 11839 | Lair:2   | Killed Prince Ribbit
 11847 | Lair:2   | Reached XP level 12. HP: 62/78 MP: 12/12
 12157 | Lair:2   | Found a hole to the Spider Nest.
 12185 | Lair:2   | Identified the Disquisition on Unholy Clay
 12880 | Lair:3   | Noticed a death yak
 12895 | Lair:3   | Killed a death yak
 14151 | Lair:4   | Noticed a death yak
 14151 | Lair:4   | Noticed a death yak
 14165 | Lair:4   | Killed a death yak
 14165 | Lair:4   | Reached XP level 13. HP: 80/83 MP: 13/13
 14234 | Lair:4   | Reached skill level 10 in Dodging
 14344 | Lair:4   | Found a staircase to the Swamp.
 14345 | Lair:4   | Reached skill level 10 in Armour
 14345 | Lair:4   | Reached skill level 10 in Shields
 14941 | Lair:5   | Found a frozen archway.
 14955 | IceCv    | Entered an ice cave
 15226 | IceCv    | Reached ****** piety under the Shining One
 15315 | IceCv    | Found an ancient bone altar of Kikubaaqudgha.
 16483 | Lair:6   | Entered Level 6 of the Lair of Beasts
 17140 | Lair:5   | Gained mutation: Your large and strong wings let you fly
                  | indefinitely. [Gargoyle growth]
 17140 | Lair:5   | Reached XP level 14. HP: 71/90 MP: 14/14
 19033 | Lair:6   | Found a staircase to the Slime Pits.
 19636 | Lair:3   | Reached skill level 1 in Invocations
 21037 | D:9      | Killed havocjr3's ghost
 21166 | Orc:1    | Entered Level 1 of the Orcish Mines
 21644 | Orc:1    | Reached skill level 5 in Invocations
 21705 | Orc:1    | Found Gyiplehu's Magic Scroll Shoppe.
 21897 | Orc:1    | Found a roughly hewn altar of Beogh.
 22165 | Orc:2    | Entered Level 2 of the Orcish Mines
 22458 | Orc:2    | Found a staircase to the Elven Halls.
 22463 | Orc:2    | Found a roughly hewn altar of Beogh.
 22558 | Orc:2    | Found a roughly hewn altar of Beogh.
 22798 | Orc:2    | Noticed an orc warlord
 22891 | Orc:2    | Noticed Josephine
 22903 | Orc:2    | Killed Josephine
 23246 | Orc:1    | Killed an orc warlord
 23335 | Orc:2    | Reached XP level 15. HP: 92/96 MP: 21/21
 23383 | Orc:2    | Reached skill level 10 in Invocations
 24046 | Orc:2    | Found Mionun's Weapon Shop.
 24046 | Orc:2    | Found Qodeuhuo's Magic Scroll Emporium.
 24046 | Orc:2    | Found Alest's Antique Weapon Shoppe.
 24046 | Orc:2    | Found Xevegau's Jewellery Shop.
 24081 | Orc:2    | Bought a scroll of identify for 22 gold pieces
 24081 | Orc:2    | Bought a scroll of blinking for 82 gold pieces
 24081 | Orc:2    | Bought a scroll of enchant weapon for 82 gold pieces
 24784 | D:11     | Found a portal to a secret trove of treasure.
 25192 | D:11     | Noticed Psyche
 25197 | D:11     | Killed Psyche
 25713 | D:12     | Found Cheibriados's Comfort Zone.
 25713 | D:12     | Found a snail-covered altar of Cheibriados.
 27465 | D:13     | Reached XP level 16. HP: 91/103 MP: 24/24
 28014 | D:14     | Found a flagged portal.
 28023 | Bailey   | Entered a bailey
 28523 | Bailey   | Reached XP level 17. HP: 108/108 MP: 25/25
 29236 | D:14     | Found a gate to the Vaults.
 29709 | D:15     | Entered Level 15 of the Dungeon
 29844 | D:15     | Found a burning altar of Makhleb.
 30165 | D:15     | Found a staircase to the Depths.
 31095 | Depths:1 | Entered Level 1 of the Depths
 31376 | Spider:1 | Entered Level 1 of the Spider Nest
 31379 | Spider:1 | Noticed Azrael
 31610 | Spider:1 | Killed Azrael
 31655 | Spider:1 | Noticed Aizul
 31673 | Spider:1 | Killed Aizul
 32002 | Spider:1 | Noticed Asterion
 32006 | Spider:1 | Noticed an Executioner
 32220 | Lair:2   | Killed Asterion
 32253 | Lair:2   | Identified a +6 sacred scourge of holy wrath (a +4 demon
                  | whip of venom blessed by the Shining One)
 32253 | Lair:2   | Received a gift from the Shining One
 32755 | Spider:1 | Got an ebony hand crossbow
 32757 | Spider:1 | Identified the +5 hand crossbow "Ujagip" {freeze, +Fly rC-
                  | MR++ Int+2} (You found it on level 1 of the Spider Nest)
 33269 | Spider:3 | Reached XP level 18. HP: 118/118 MP: 26/26
 33516 | Spider:3 | Reached skill level 15 in Fighting
 33719 | Spider:3 | Got a wavering bronze ring
 33743 | Spider:3 | Identified the cursed ring of Neurosis {rF- Int+7 Dex-3}
                  | (You found it on level 3 of the Spider Nest)
 34008 | Spider:4 | Entered Level 4 of the Spider Nest
 34022 | Spider:4 | Reached skill level 15 in Shields
 34327 | Spider:4 | Got an ancient robe
 35064 | Spider:4 | Got a gossamer rune of Zot
 35176 | Spider:4 | Identified the cursed +1 robe of Lugonu {rElec rC+} (You
                  | found it on level 4 of the Spider Nest)
 35440 | Swamp:1  | Entered Level 1 of the Swamp
 35548 | Swamp:1  | Reached skill level 15 in Dodging
 35629 | Swamp:1  | Found a transporter.
 35632 | Swamp:1  | Found the +7 Spriggan's Knife {stab, EV+4 Stlth+}
 36323 | Swamp:1  | Found a transporter.
 36591 | Swamp:1  | Got a pitted lead ring
 36606 | Swamp:1  | Got a wavering amber ring
 36609 | Swamp:1  | Got a polished shield
 36630 | Swamp:1  | Identified the +1 shield of Aliev {rElec rPois Int-4 SInv}
                  | (You found it on level 1 of the Swamp)
 36643 | Swamp:1  | Identified the ring "Ufetinera" {rC+ MP+9 Int+4} (You found
                  | it on level 1 of the Swamp)
 36645 | Swamp:1  | Identified the ring of Bypiwk {*Contam *Drain rElec rC+++
                  | Dex+2} (You found it on level 1 of the Swamp)
 36687 | Swamp:1  | Gained mutation: You are weak. (Str -2) [mutagenic glow]
 36882 | Swamp:1  | Identified a scroll of acquirement
 36883 | Swamp:1  | Got a pair of shimmering boots
 36894 | Swamp:1  | Identified the +2 pair of boots of Knowledge {Int+4} (You
                  | acquired it on level 1 of the Swamp)
 37091 | Swamp:2  | Noticed Frances
 37422 | Swamp:1  | Killed Frances
 37433 | Swamp:2  | Reached XP level 19. HP: 123/127 MP: 27/27
 37735 | Swamp:2  | Noticed Jorgrun
 37746 | Swamp:2  | Killed Jorgrun
 38972 | Swamp:4  | Entered Level 4 of the Swamp
 39003 | Swamp:4  | Reached skill level 15 in Maces & Flails
 40540 | Swamp:4  | Got a decaying rune of Zot
 41011 | Vaults:1 | Entered Level 1 of the Vaults
 41759 | Vaults:1 | Found Beick's Assorted Antiques.
 41768 | Vaults:1 | Bought 3 scrolls of identify for 210 gold pieces
 41768 | Vaults:1 | Bought a scroll of teleportation for 105 gold pieces
 41768 | Vaults:1 | Bought a vibrating turquoise ring for 175 gold pieces
 41768 | Vaults:1 | Bought a scroll of teleportation for 105 gold pieces
 41768 | Vaults:1 | Identified the ring of Freedom {*Corrode Int+2 Dex+6 SInv}
                  | (You bought it in a shop on level 1 of the Vaults)
 41999 | Vaults:1 | Reached XP level 20. HP: 136/136 MP: 28/28
 42668 | Vaults:1 | Got a wavering steel ring
 42857 | Vaults:1 | Identified the ring "Gexodats" {rN+ MR+} (You found it on
                  | level 1 of the Vaults)
 42872 | Vaults:1 | Got a pitted ring mail
 42874 | Vaults:1 | Identified the +2 ring mail "Akiotaz" {*Drain +Fly rCorr
                  | Dex+4} (You found it on level 1 of the Vaults)
 43109 | D:9      | Bought a scroll of teleportation for 36 gold pieces
 43194 | Orc:1    | Bought a scroll of identify for 36 gold pieces
 43194 | Orc:1    | Bought a scroll of identify for 36 gold pieces
 43194 | Orc:1    | Bought a scroll of fear for 63 gold pieces
 43194 | Orc:1    | Bought a scroll of teleportation for 54 gold pieces
 43241 | Orc:2    | Bought a scroll of teleportation for 33 gold pieces
 43241 | Orc:2    | Bought a scroll of identify for 22 gold pieces
 43241 | Orc:2    | Bought a scroll of identify for 22 gold pieces
 43241 | Orc:2    | Bought a scroll of identify for 22 gold pieces
 43387 | D:11     | You paid a toll of 16 scrolls of teleportation to enter a
                  | treasure trove
 43388 | Trove    | Entered a treasure trove
 43462 | Trove    | Identified Sif Muna's Tome of Creative Augmentations
 43660 | Vaults:2 | Found Miotuar's Antique Weapon Emporium.
 43841 | Vaults:2 | Noticed Sojobo
 43918 | Vaults:2 | Killed Sojobo
 45905 | Vaults:3 | Reached XP level 21. HP: 53/144 MP: 30/30
 46777 | Vaults:3 | Found a runed translucent door.
 46777 | Vaults:3 | Noticed Kipt's ghost (adept SpFE)
 46793 | Vaults:3 | Killed Kipt's ghost
 46828 | Vaults:3 | Found a staircase to the Crypt.
 46828 | Vaults:3 | Found a basalt altar of Yredelemnul.
 46829 | Vaults:3 | Found an ancient bone altar of Kikubaaqudgha.
 46975 | Vaults:3 | Found Vukhexte's Jewellery Boutique.
 47165 | Crypt:1  | Entered Level 1 of the Crypt
 48510 | Crypt:3  | Entered Level 3 of the Crypt
 48591 | Crypt:3  | Noticed Margery
 48666 | Crypt:2  | Killed Margery
 48759 | Crypt:3  | Reached skill level 15 in Invocations
 48876 | Crypt:3  | Reached XP level 22. HP: 153/153 MP: 33/33
 48937 | Crypt:3  | Noticed an ancient lich
 48948 | Crypt:3  | Killed an ancient lich
 49303 | Crypt:3  | Found an ancient bone altar of Kikubaaqudgha.
 49535 | Crypt:3  | Identified the Reference Book on Sinister Secrets
 49541 | Crypt:3  | Got an ancient zirconium amulet
 49567 | Crypt:3  | Identified the amulet of Vify Yqu {rF+ Regen+ Int+3 SInv}
                  | (You found it on level 3 of the Crypt)
 49580 | Crypt:3  | Got a fine steel ring
 49580 | Crypt:3  | Got a transparent bronze ring
 49588 | Crypt:3  | Got a pair of ichor-stained gloves
 49600 | Crypt:3  | Got a faintly glowing steel ring
 49611 | Crypt:3  | Identified the +2 pair of gloves "Sueroini" {+Blink MP+9
                  | SInv} (You found it on level 3 of the Crypt)
 49624 | Crypt:3  | Identified the ring "Hakkes" {*Drain rElec rF+++ rN+ Int-2}
                  | (You found it on level 3 of the Crypt)
 49625 | Crypt:3  | Identified the ring "Xaqal" {rN+ MR+ Int+3 Dex+4} (You
                  | found it on level 3 of the Crypt)
 49626 | Crypt:3  | Identified the ring "Vatap" {EV+5 Str+3 Dex+8} (You found
                  | it on level 3 of the Crypt)
 49658 | Crypt:3  | Identified the cursed +0 troll leather armour of Limitation
                  | {Regen+ Dex+2}
 49977 | Crypt:3  | Found a staircase to the Tomb.
 50428 | Crypt:3  | Identified the Grimoire of Weightlessness and Fire
 50606 | Tomb:1   | Entered Level 1 of the Tomb of the Ancients
 50719 | Tomb:1   | Noticed Mennas
 50774 | Tomb:1   | Killed Mennas
 51069 | Tomb:1   | Noticed a greater mummy
 51080 | Tomb:1   | Killed a greater mummy
 51111 | Tomb:1   | Noticed a greater mummy
 51116 | Tomb:1   | Noticed a greater mummy
 51132 | Tomb:1   | Noticed a greater mummy
 51132 | Tomb:1   | Cast into level 4 of the Abyss (the power of Zot)
 51132 | Abyss:4  | Found a corrupted altar of Lugonu.
 51159 | Abyss:4  | Found a corrupted altar of Lugonu.
 51289 | Abyss:4  | Found a corrupted altar of Lugonu.
 51338 | Abyss:4  | Found a corrupted altar of Lugonu.
 51361 | Abyss:4  | Reached XP level 23. HP: 160/160 MP: 35/35
 51393 | Tomb:1   | Escaped the Abyss
 51398 | Tomb:1   | Killed a greater mummy
 51398 | Tomb:1   | Killed a greater mummy
 51407 | Tomb:1   | Killed a greater mummy
 51682 | Tomb:1   | Identified the Collected Works on Curses and the Blaze
 52707 | Vaults:4 | Found Fich's Distillery.
 52715 | Vaults:4 | Bought a potion of heal wounds for 105 gold pieces
 52715 | Vaults:4 | Bought a potion of agility for 84 gold pieces
 53975 | Depths:1 | Found a gateway to Hell.
 54496 | Depths:1 | Reached XP level 24. HP: 149/168 MP: 35/35
 54547 | Depths:1 | Identified the Papyrus of Mutagenic Translocation
 54553 | Depths:1 | Got a jewelled broad axe
 54554 | Depths:1 | Identified the cursed +3 broad axe "Femucosm" {drain, rN+
                  | SInv} (You found it on level 1 of the Depths)
 54767 | Depths:1 | You are sucked into a shaft and drop 1 floor!
 55519 | Depths:2 | Got a ripped robe
 55600 | Depths:2 | Noticed Jory
 55612 | Depths:2 | Killed Jory
 56163 | Depths:2 | Found a one-way gate leading to the halls of Pandemonium.
 56260 | Depths:2 | Identified the +3 robe of the Hippo {rN+} (You found it on
                  | level 2 of the Depths)
 56603 | Hell     | Entered the Vestibule of Hell
 56603 | Hell     | Noticed Geryon
 56827 | Hell     | Killed Geryon
 56928 | Hell     | Found a gateway to the decaying netherworld of Tartarus.
 57042 | Hell     | Found a gateway to the ashen valley of Gehenna.
 57150 | Hell     | Found a gateway to the Iron City of Dis.
 57203 | Hell     | Found a gateway to the freezing wastes of Cocytus.
 57455 | Depths:3 | Reached XP level 25. HP: 175/175 MP: 36/36
 58259 | Depths:3 | Found a one-way gate to the infinite horrors of the Abyss.
 58428 | Depths:3 | Noticed a juggernaut
 58447 | Depths:3 | Killed a juggernaut
 58490 | Depths:3 | Paralysed by a sphinx for 6 turns
 58524 | Depths:3 | Got an iridescent hand axe
 58525 | Depths:3 | Identified the cursed +0 hand axe "Beastslayer" {chop,
                  | *Corrode +Blink +Rage Str-2} (You found it on level 3 of
                  | the Depths)
 59255 | Depths:4 | Found Rogy's Assorted Antiques.
 59278 | Depths:4 | Identified the +4 scale mail "Ivynycs" {rElec rF+ rCorr}
 59341 | Depths:4 | Bought a scroll of enchant weapon for 135 gold pieces
 59341 | Depths:4 | Bought a potion of heal wounds for 90 gold pieces
 59445 | Depths:4 | Found a gateway to a ziggurat.
 60137 | Depths:4 | Identified the +9 triple sword "Timm" {venom, rElec Str+6
                  | Int-4 Dex+2}
 60297 | Depths:4 | Found a runed translucent door.
 60493 | Depths:5 | Entered Level 5 of the Depths
 60979 | Depths:5 | Reached XP level 26. HP: 183/183 MP: 36/36
 61207 | Depths:5 | Noticed a juggernaut
 61256 | Depths:5 | Killed a juggernaut
 62443 | Depths:5 | Found a gate to the Realm of Zot.
 62741 | Tar:1    | Entered Level 1 of Tartarus
 63466 | Tar:1    | Reached XP level 27. HP: 189/189 MP: 37/37
 65564 | Tar:3    | Found a huge runed gate.
 65564 | Tar:3    | Found a huge runed gate.
 65565 | Tar:3    | Found a huge runed gate.
 65566 | Tar:3    | Found a huge runed gate.
 65566 | Tar:3    | Found a huge runed gate.
 65566 | Tar:3    | Found a huge runed gate.
 65567 | Tar:3    | Found a huge runed gate.
 65567 | Tar:3    | Found a huge runed gate.
 65567 | Tar:3    | Found a huge runed gate.
 65567 | Tar:3    | Found a huge runed gate.
 65572 | Tar:3    | Found a huge runed gate.
 65572 | Tar:3    | Found a huge runed gate.
 65572 | Tar:3    | Found a huge runed gate.
 65572 | Tar:3    | Found a huge runed gate.
 65572 | Tar:3    | Found a huge runed gate.
 65572 | Tar:3    | Found a huge runed gate.
 65572 | Tar:3    | Found a huge runed gate.
 65573 | Tar:3    | Found a huge runed gate.
 65577 | Tar:3    | Found a huge runed gate.
 65616 | Tar:3    | Found a huge runed gate.
 65617 | Tar:3    | Found a huge runed gate.
 65659 | Tar:3    | Found a huge runed gate.
 65659 | Tar:3    | Found a huge runed gate.
 65659 | Tar:3    | Found a huge runed gate.
 65659 | Tar:3    | Found a huge runed gate.
 65659 | Tar:3    | Found a huge runed gate.
 65659 | Tar:3    | Found a huge runed gate.
 65676 | Tar:3    | Found a huge runed gate.
 65676 | Tar:3    | Found a huge runed gate.
 65676 | Tar:3    | Found a huge runed gate.
 65676 | Tar:3    | Found a huge runed gate.
 65734 | Tar:3    | Found a huge runed gate.
 66000 | Tar:3    | Found a huge runed gate.
 66428 | Tar:3    | Noticed an ancient lich
 66428 | Tar:3    | Noticed an ancient lich
 66428 | Tar:3    | Noticed an ancient lich
 66435 | Tar:3    | Killed an ancient lich
 66450 | Tar:3    | Killed an ancient lich
 66466 | Tar:3    | Killed an ancient lich
 69954 | Tar:7    | Entered Level 7 of Tartarus
 70257 | Tar:7    | Got a distressingly furry chain mail
 70258 | Tar:7    | Identified the +1 chain mail of Funashru {*Slow rPois
                  | Regen+ SInv} (You found it on level 7 of Tartarus)
 70463 | Tar:7    | Noticed Ereshkigal
 70480 | Tar:7    | Killed Ereshkigal
 70492 | Tar:7    | Identified the +8 lajatang "Vootu" {venom, Int+7}
 70904 | Tar:7    | Noticed an ancient lich
 70909 | Tar:7    | Killed an ancient lich
 70993 | Tar:7    | Got a bone rune of Zot
 71459 | Tar:7    | Identified the Catalogue of Black Arts and Poison
 71462 | Tar:7    | Got a fine tin ring
 71463 | Tar:7    | Identified the ring "Qiesk" {+Blink rElec rCorr Str-3} (You
                  | found it on level 7 of Tartarus)
 71614 | Dis:1    | Entered Level 1 of the Iron City of Dis
 73691 | Dis:3    | Gained mutation: Scrolls take you a little longer to read.
                  | [mutagenic glow]
 73754 | Dis:3    | Gained mutation: Scrolls take you longer to read.
                  | [mutagenic glow]
 75982 | Dis:6    | Reached skill level 27 in Fighting
 76546 | Dis:7    | Entered Level 7 of the Iron City of Dis
 77392 | Dis:7    | Got a crystal halberd
 77395 | Dis:7    | Identified the +5 halberd "Lorchi" {flame, rC- Dex+6
                  | Stlth+} (You found it on level 7 of the Iron City of Dis)
 77414 | Dis:7    | Noticed the Serpent of Hell
 77419 | Dis:7    | Reached skill level 27 in Dodging
 77437 | Dis:7    | Killed the Serpent of Hell
 77518 | Dis:7    | Identified the +4 staff of Dispater
 77518 | Dis:7    | Noticed Dispater
 77551 | Dis:7    | Identified the +5 large shield "Lysigas" {Regen+}
 77565 | Dis:7    | Identified the cursed +0 large shield of the Rabble {*Drain
                  | rElec Int+2}
 77582 | Dis:7    | Killed Dispater
 77888 | Dis:7    | Got an iron rune of Zot
 77937 | Dis:7    | Gained mutation: You have sharp fingernails. [mutagenic
                  | glow]
 78006 | Dis:7    | Got a faintly glowing falchion
 78349 | Dis:7    | Got a distressingly furry ring mail
 78394 | Dis:7    | Identified the +1 ring mail of Fashionability {+Inv} (You
                  | found it on level 7 of the Iron City of Dis)
 78398 | Dis:7    | Identified the +6 falchion of Lueh {freeze, -Tele +Fly rC+}
                  | (You found it on level 7 of the Iron City of Dis)
 78743 | Coc:1    | Entered Level 1 of Cocytus
 81619 | Coc:3    | Reached skill level 27 in Maces & Flails
 82045 | Coc:4    | Reached skill level 27 in Invocations
 83151 | Coc:5    | Reached skill level 15 in Armour
 84945 | Coc:7    | Entered Level 7 of Cocytus
 84971 | Coc:7    | Gained mutation: You are frail. (-10% HP) [mutagenic glow]
 86128 | Coc:7    | Noticed Antaeus
 86171 | Coc:7    | Killed Antaeus
 86274 | Coc:7    | Got an icy rune of Zot
 86309 | Coc:7    | Got a steaming lajatang
 86310 | Coc:7    | Identified the Compendium of Freezing Protection
 86320 | Coc:7    | Identified the Reference Book on Congealing Calling
 86596 | Coc:7    | Identified the +8 lajatang of Tender Mercy {freeze, rElec
                  | SInv} (You found it on level 7 of Cocytus)
 86776 | Geh:1    | Entered Level 1 of Gehenna
 89020 | Geh:3    | You are sucked into a shaft and drop 1 floor!
 90876 | Geh:5    | Gained mutation: You are occasionally teleported next to
                  | monsters. [mutagenic glow]
 90918 | Geh:5    | Gained mutation: Your body sometimes deteriorates upon
                  | taking damage. [mutagenic glow]
 90987 | Geh:5    | Gained mutation: Your spells are a little harder to cast,
                  | but a little more powerful. [mutagenic glow]
 91913 | Geh:7    | Entered Level 7 of Gehenna
 92388 | Geh:7    | Identified the +7 sceptre of Asmodeus
 92388 | Geh:7    | Noticed Asmodeus
 92414 | Geh:7    | Killed Asmodeus
 92455 | Geh:7    | Got an obsidian rune of Zot
 93640 | Zot:1    | Entered Level 1 of the Realm of Zot
 95914 | Zot:3    | Reached skill level 27 in Armour
 96011 | Zot:3    | You are sucked into a shaft and drop 1 floor!
 96622 | Elf:1    | Entered Level 1 of the Elven Halls
 97466 | Elf:1    | Identified the Disquisition on Conjuration and Creation
 97616 | Elf:2    | Found a runed translucent gate.
 97616 | Elf:2    | Found a runed translucent gate.
 97616 | Elf:2    | Found a runed translucent gate.
 97692 | Elf:2    | Found Ugag's Gadget Shop.
 97788 | Elf:2    | Found a runed translucent gate.
 97788 | Elf:2    | Found a runed translucent gate.
 97788 | Elf:2    | Found a runed translucent gate.
 97789 | Elf:2    | Noticed Johnny's ghost (adept TrBe)
 97869 | Elf:2    | Identified the +9 bardiche "Grom" {elec, +Inv}
 98011 | Elf:2    | Killed Johnny's ghost
 98468 | Elf:2    | Got a pair of encrusted boots
 98483 | Elf:2    | Identified the cursed +0 pair of boots "Genkaves" {rF-
                  | Dex+3 SInv} (You found it on level 2 of the Elven Halls)
 98806 | Hell     | Lost mutation: You are weak. (Str -2) [potion of mutation]
 98806 | Hell     | Lost mutation: You are frail. (-10% HP) [potion of
                  | mutation]
 98806 | Hell     | Lost mutation: Scrolls take you longer to read. [potion of
                  | mutation]
 98806 | Hell     | Lost mutation: Your body sometimes deteriorates upon taking
                  | damage. [potion of mutation]
 98806 | Hell     | Gained mutation: You have a pair of small antennae on your
                  | head. [potion of mutation]
 98806 | Hell     | Gained mutation: You are partially covered in icy blue
                  | scales. (AC +2) [potion of mutation]
 98807 | Hell     | Lost mutation: You are partially covered in icy blue
                  | scales. (AC +2) [potion of mutation]
 98807 | Hell     | Gained mutation: You are partially covered in large bone
                  | plates. (SH +4) [potion of mutation]
 98807 | Hell     | Gained mutation: You are robust. (+10% HP) [potion of
                  | mutation]
 98852 | Hell     | Lost mutation: Your spells are a little harder to cast, but
                  | a little more powerful. [potion of mutation]
 98852 | Hell     | Lost mutation: Scrolls take you a little longer to read.
                  | [potion of mutation]
 98852 | Hell     | Lost mutation: You are robust. (+10% HP) [potion of
                  | mutation]
 98852 | Hell     | Lost mutation: You have a pair of small antennae on your
                  | head. [potion of mutation]
 98852 | Hell     | Gained mutation: You passively map a small area around you.
                  | [potion of mutation]
 98852 | Hell     | Gained mutation: Your spells are a little easier to cast,
                  | but a little less powerful. [potion of mutation]
 98852 | Hell     | Gained mutation: You have very sharp fingernails. [potion
                  | of mutation]
 98853 | Hell     | Lost mutation: Your spells are a little easier to cast, but
                  | a little less powerful. [potion of mutation]
 98853 | Hell     | Lost mutation: You are occasionally teleported next to
                  | monsters. [potion of mutation]
 98853 | Hell     | Lost mutation: You have very sharp fingernails. [potion of
                  | mutation]
 98853 | Hell     | Lost mutation: You are partially covered in large bone
                  | plates. (SH +4) [potion of mutation]
 98853 | Hell     | Gained mutation: You are somewhat resistant to further
                  | mutation. [potion of mutation]
 99141 | Elf:3    | Entered Level 3 of the Elven Halls
 99443 | Elf:3    | Found a magical portal.
 99856 | WizLab   | Got an encrusted chain mail
 99974 | WizLab   | Identified the cursed +0 chain mail of the Arcane {-Tele
                  | rC++ Int+3 SInv} (You found it in a wizard's laboratory)
100080 | Elf:3    | Noticed Saint Roka
100107 | Elf:3    | Killed Saint Roka
100393 | Elf:3    | Got a coiled steel ring
100418 | Elf:3    | Got a flickering wooden ring
100471 | Elf:3    | Got a serpentine silver ring
100476 | Elf:3    | Got a bound brass amulet
100481 | Elf:3    | Got a dazzling scale mail
100527 | Elf:3    | Identified the amulet of the Castellan {Faith rN+} (You
                  | found it on level 3 of the Elven Halls)
100528 | Elf:3    | Identified the ring "Yzokuts Weon" {Str-5 Int+2 Dex+4
                  | Stlth+} (You found it on level 3 of the Elven Halls)
100529 | Elf:3    | Identified the ring of Qiufyop {+Blink rPois Str+4 Int+3
                  | Dex+3} (You found it on level 3 of the Elven Halls)
100532 | Elf:3    | Identified the ring of Dogax {rC++ Int+7 Stlth-} (You found
                  | it on level 3 of the Elven Halls)
100533 | Elf:3    | Identified the cursed +0 scale mail "Johu" {+Blink rC+}
                  | (You found it on level 3 of the Elven Halls)
100557 | Elf:3    | Got an ancient plate armour
100559 | Elf:3    | Got a crude iron ring
100561 | Elf:3    | Got a glittering wooden ring
100562 | Elf:3    | Identified the cursed +0 plate armour of Indomitability
                  | {-Cast MR+ Str+6} (You found it on level 3 of the Elven
                  | Halls)
100564 | Elf:3    | Identified the ring "Badin" {Ice Int+2 Dex+3 Slay-4} (You
                  | found it on level 3 of the Elven Halls)
100566 | Elf:3    | Identified the ring "Eluemau" {MR+ Stlth+} (You found it on
                  | level 3 of the Elven Halls)
100659 | Elf:3    | Found the amulet of the Four Winds {rN+ MR+++ Clar}
101965 | Vaults:5 | Entered Level 5 of the Vaults
102038 | Vaults:5 | Noticed an ancient lich
102061 | Vaults:5 | Killed an ancient lich
102117 | Vaults:5 | Reached skill level 27 in Shields
102121 | Vaults:5 | Reached skill level 1 in Evocations
102178 | Vaults:5 | Reached skill level 5 in Evocations
102819 | Vaults:5 | Noticed an ancient lich
102838 | Vaults:5 | Killed an ancient lich
103563 | Vaults:5 | Identified the Volume of Earthen Necromancy
103567 | Vaults:5 | Identified Bieniwko's Incunabulum of Flames
103571 | Vaults:5 | Got a warped scale mail
103572 | Vaults:5 | Identified the +7 scale mail "Qintuz" {Str+2 SInv} (You
                  | found it on level 5 of the Vaults)
103694 | Vaults:5 | Reached skill level 10 in Evocations
104232 | Vaults:5 | Identified the +7 short sword of Pyromania {drain, Str+8}
104232 | Vaults:5 | Identified the amulet "Buppibb" {RegenMP rF- rC+ rN+ Str+7}
104252 | Vaults:5 | Got a silver rune of Zot
105121 | Slime:1  | Entered Level 1 of the Pits of Slime
106247 | Slime:3  | Gained mutation: Your spells are a little easier to cast,
                  | but a little less powerful. [a shining eye]
107181 | Slime:5  | Entered Level 5 of the Pits of Slime
107188 | Slime:5  | Gained mutation: Your magical capacity is low. (-10% MP) [a
                  | shining eye]
108438 | Slime:5  | Reached skill level 15 in Evocations
108731 | Slime:5  | Noticed the Royal Jelly
108745 | Slime:5  | Killed the Royal Jelly
108809 | Slime:5  | Got a coiled pewter ring
108952 | Slime:5  | Got a smoking emerald amulet
108956 | Slime:5  | Got a pair of warped gloves
108967 | Slime:5  | Got a pitted amber ring
108972 | Slime:5  | Got a slimy rune of Zot
108988 | Slime:5  | Identified the +5 pair of gloves "Qyjo" {rN++ MR+ Str+4
                  | Slay-4} (You found it on level 5 of the Pits of Slime)
108990 | Slime:5  | Identified the amulet of Caakh {rPois rN+ Regen+ Int+4}
                  | (You found it on level 5 of the Pits of Slime)
108992 | Slime:5  | Identified the ring "Dirghiama" {rF+ Str+5} (You found it
                  | on level 5 of the Pits of Slime)
108993 | Slime:5  | Identified the ring of the Ageless Gods {rPois rN+ Int+2
                  | Stlth-} (You found it on level 5 of the Pits of Slime)
109010 | Slime:5  | Got a smoking ring mail
109028 | Slime:5  | Got a warped rapier
109043 | Slime:5  | Identified the cursed +1 ring mail of the Slightly Bent
                  | {rElec rCorr} (You found it on level 5 of the Pits of
                  | Slime)
109044 | Slime:5  | Identified the +9 rapier of the Reaper {pierce, Str+3
                  | Dex+3} (You found it on level 5 of the Pits of Slime)
109669 | Depths:1 | Identified the +6 great sword "Peunih" {slice, Str+4}
109709 | Pan      | Entered Pandemonium
109838 | Pan      | Noticed Xeiv the pandemonium lord
109846 | Pan      | Killed Xeiv the pandemonium lord
110501 | Pan      | Found a runed translucent door.
110512 | Pan      | Found a runed translucent door.
110512 | Pan      | Found a runed translucent door.
110796 | Pan      | Noticed Ano Wut the pandemonium lord
110801 | Pan      | Found a runed translucent door.
111279 | Pan      | Killed Ano Wut the pandemonium lord
111296 | Pan      | Identified the Compendium of the Freezing Volcanoes
111622 | Pan      | Noticed Zaaguk the pandemonium lord
111645 | Pan      | Killed Zaaguk the pandemonium lord
111855 | Pan      | Found a runed translucent door.
111888 | Pan      | Got a demonic rune of Zot
112661 | Pan      | Noticed Kazxoeju the pandemonium lord
112670 | Pan      | Killed Kazxoeju the pandemonium lord
113212 | Pan      | Entered the realm of Mnoleg.
113361 | Pan      | Paralysed by a floating eye for 3 turns
113486 | Pan      | Gained mutation: Scrolls take you a little longer to read.
                  | [a neqoxec]
113952 | Pan      | Noticed Mnoleg
113982 | Pan      | Killed Mnoleg
113995 | Pan      | Gained mutation: Scrolls take you longer to read. [a
                  | cacodemon]
114074 | Pan      | Got a glowing rune of Zot
114096 | Pan      | Identified the Grimoire of Cloudy Talismans
114499 | Pan      | Noticed Comeur the pandemonium lord
114511 | Pan      | Killed Comeur the pandemonium lord
114892 | Pan      | Entered the realm of Cerebov.
114986 | Pan      | Found an exit through the horrors of the Abyss.
115637 | Pan      | Got a twisted leather armour
115652 | Pan      | Got a pitted scale mail
115656 | Pan      | Identified the +1 leather armour of the Gusle {*Contam
                  | Slay+3 Stlth+} (You found it in Pandemonium)
115658 | Pan      | Identified the +5 scale mail "Nerhos" {rC- rCorr Str+6
                  | Int-2} (You found it in Pandemonium)
115754 | Pan      | Got a slimy spear
115767 | Pan      | Identified the cursed +0 spear "Spiderslayer" {drain,
                  | Int+5} (You found it in Pandemonium)
115799 | Pan      | Got a heavily runed helmet
115805 | Pan      | Identified Laroiw's Incunabulum of the Clam
115817 | Pan      | Identified the +2 helmet "Runuc" {Str+2 Int+4} (You found
                  | it in Pandemonium)
115865 | Pan      | Identified the +6 sword of Cerebov {flame}
115865 | Pan      | Noticed Cerebov
116219 | Pan      | Got a shimmering steel ring
116220 | Pan      | Identified the Compendium of Fire
116225 | Pan      | Identified the ring of Fopryc {+Fly Dex+2 Slay+3 Stlth+}
                  | (You found it in Pandemonium)
116446 | Pan      | Identified the cursed +0 pearl dragon scales of
                  | Impressiveness {rN+ Regen+ Dex+5}
116482 | Pan      | Killed Cerebov
116517 | Pan      | Got a scintillating bronze ring
116522 | Pan      | Got a bloodstained flail
116528 | Pan      | Got a twisted falchion
116590 | Pan      | Got a fiery rune of Zot
116611 | Pan      | Identified the ring of Koemurpha {+Fly Str+2} (You found it
                  | in Pandemonium)
116612 | Pan      | Identified the +8 flail of Dust {pain, rC- rN++ Int+4
                  | Stlth+} (You found it in Pandemonium)
116613 | Pan      | Identified the cursed +3 falchion of the Ghost {drain, rN+}
                  | (You found it in Pandemonium)
116704 | Pan      | Noticed Pocafen the pandemonium lord
116706 | Pan      | Gained mutation: You are frail. (-10% HP) [a cacodemon]
116739 | Pan      | Killed Pocafen the pandemonium lord
117372 | Pan      | Entered the realm of Gloorx Vloq.
117829 | Pan      | Found an exit through the horrors of the Abyss.
118385 | Pan      | Noticed Gloorx Vloq
118407 | Pan      | Killed Gloorx Vloq
118492 | Pan      | Got a dark rune of Zot
118736 | Pan      | Found a huge runed translucent gate.
118736 | Pan      | Found a huge runed translucent gate.
118736 | Pan      | Found a huge runed translucent gate.
118736 | Pan      | Found a huge runed translucent gate.
118736 | Pan      | Found a huge runed translucent gate.
118736 | Pan      | Found a huge runed translucent gate.
118736 | Pan      | Found a huge runed translucent gate.
118736 | Pan      | Found a huge runed translucent gate.
118736 | Pan      | Found a huge runed translucent gate.
118736 | Pan      | Found a huge runed translucent gate.
118736 | Pan      | Found a huge runed translucent gate.
118736 | Pan      | Found a huge runed translucent gate.
118736 | Pan      | Found a huge runed translucent gate.
118736 | Pan      | Found a huge runed translucent gate.
118736 | Pan      | Found a huge runed translucent gate.
118736 | Pan      | Noticed Pifann the pandemonium lord
118742 | Pan      | Killed Pifann the pandemonium lord
118753 | Pan      | Found a huge runed translucent gate.
118753 | Pan      | Found a huge runed translucent gate.
118782 | Pan      | Got a crude scimitar
118837 | Pan      | Got a pair of slimy gloves
118848 | Pan      | Identified the +3 pair of gloves of Feasting {rF+ Dex+3}
                  | (You found it in Pandemonium)
119403 | Pan      | Entered the realm of Lom Lobon.
119403 | Pan      | Noticed Ignacio
119415 | Pan      | Killed Ignacio
119462 | Pan      | Found an exit through the horrors of the Abyss.
120411 | Pan      | Noticed Lom Lobon
120455 | Pan      | Killed Lom Lobon
120481 | Pan      | Got a magical rune of Zot
120822 | Pan      | Found an exit through the horrors of the Abyss.
120978 | Pan      | Noticed Firy the pandemonium lord
121011 | Pan      | Killed Firy the pandemonium lord
121434 | Pan      | Noticed Vackasmerr the pandemonium lord
121546 | Pan      | Killed Vackasmerr the pandemonium lord
121671 | Pan      | Found an exit through the horrors of the Abyss.
121704 | Pan      | Gained mutation: Your body sometimes deteriorates upon
                  | taking damage. [a neqoxec]
122340 | Pan      | Noticed Iffu Dipt the pandemonium lord
122349 | Pan      | Killed Iffu Dipt the pandemonium lord
122399 | Pan      | Found an exit through the horrors of the Abyss.
122546 | Pan      | Reached skill level 27 in Evocations
122626 | Pan      | Reached skill level 1 in Spellcasting
123088 | Pan      | Reached skill level 5 in Spellcasting
123361 | Pan      | Noticed Haacap the pandemonium lord
123370 | Pan      | Killed Haacap the pandemonium lord
123818 | Pan      | Reached skill level 10 in Spellcasting
124114 | Depths:2 | Escaped Pandemonium
124283 | Depths:3 | Voluntarily entered the Abyss.
124500 | Abyss:1  | Gained mutation: You are very frail. (-20% HP) [a neqoxec]
124521 | Abyss:1  | Noticed an ancient lich
124531 | Abyss:1  | Killed an ancient lich
124612 | Abyss:1  | Found a corrupted altar of Lugonu.
124667 | Abyss:1  | Found a corrupted altar of Lugonu.
124732 | Abyss:1  | Found a corrupted altar of Lugonu.
124844 | Abyss:1  | Found a corrupted altar of Lugonu.
124988 | Abyss:2  | Paralysed by accursed screaming for 1 turns
125051 | Abyss:2  | Gained mutation: You are extremely frail. (-30% HP) [a
                  | neqoxec]
125706 | Abyss:2  | Gained mutation: You are clumsy. (Dex -2) [a neqoxec]
126291 | Abyss:3  | Paralysed by accursed screaming for 1 turns
126303 | Abyss:3  | Paralysed by accursed screaming for 1 turns
126479 | Abyss:3  | Reached skill level 15 in Spellcasting
126588 | Abyss:3  | Found an opulent altar of Gozag.
126848 | Abyss:3  | Found a corrupted altar of Lugonu.
126862 | Abyss:3  | Got an abyssal rune of Zot
126876 | Abyss:3  | Gained mutation: You tend to lose your temper in combat.
                  | [mutagenic glow]
126957 | Abyss:3  | Lost mutation: Scrolls take you longer to read. [mutagenic
                  | glow]
127042 | Abyss:3  | Gained mutation: You are very clumsy. (Dex -4) [mutagenic
                  | glow]
127469 | Depths:3 | Escaped the Abyss
127479 | Depths:3 | Learned a level 8 spell: Controlled Blink
128117 | Tomb:2   | Noticed a greater mummy
128119 | Tomb:2   | Noticed a greater mummy
128120 | Tomb:2   | Noticed a greater mummy
128121 | Tomb:2   | Noticed a greater mummy
128122 | Tomb:2   | Noticed a greater mummy
128135 | Tomb:2   | Reached skill level 1 in Translocations
128137 | Tomb:2   | Killed a greater mummy
128137 | Tomb:2   | Killed a greater mummy
128138 | Tomb:2   | Killed a greater mummy
128139 | Tomb:2   | Killed a greater mummy
128140 | Tomb:2   | Killed a greater mummy
128300 | Tomb:2   | Reached skill level 5 in Translocations
128542 | Tomb:1   | Noticed a greater mummy
128542 | Tomb:1   | Noticed a greater mummy
128551 | Tomb:1   | Noticed a greater mummy
128555 | Tomb:1   | Noticed a greater mummy
128562 | Tomb:1   | Killed a greater mummy
128569 | Tomb:1   | Noticed a greater mummy
128570 | Tomb:1   | Killed a greater mummy
128571 | Tomb:1   | Killed a greater mummy
128573 | Tomb:1   | Killed a greater mummy
128579 | Tomb:1   | Killed a greater mummy
128581 | Tomb:1   | Noticed a greater mummy
128586 | Tomb:1   | Noticed a greater mummy
128592 | Tomb:1   | Killed a greater mummy
128599 | Tomb:1   | Killed a greater mummy
128653 | Tomb:1   | Noticed a greater mummy
128655 | Tomb:1   | Noticed a greater mummy
128664 | Tomb:1   | Killed a greater mummy
128677 | Tomb:1   | Killed a greater mummy
128702 | Tomb:1   | Noticed a greater mummy
128703 | Tomb:1   | Noticed a greater mummy
128713 | Tomb:1   | Noticed a greater mummy
128721 | Tomb:1   | Killed a greater mummy
128728 | Tomb:1   | Killed a greater mummy
128732 | Tomb:1   | Noticed a greater mummy
128742 | Tomb:1   | Killed a greater mummy
128751 | Tomb:1   | Killed a greater mummy
128775 | Tomb:1   | Noticed a greater mummy
128781 | Tomb:1   | Noticed a greater mummy
128786 | Tomb:1   | Killed a greater mummy
128793 | Tomb:1   | Killed a greater mummy
128793 | Tomb:1   | Noticed a greater mummy
128797 | Tomb:1   | Noticed a greater mummy
128804 | Tomb:1   | Killed a greater mummy
128810 | Tomb:1   | Noticed a greater mummy
128833 | Tomb:1   | Killed a greater mummy
128842 | Tomb:1   | Killed a greater mummy
128842 | Tomb:1   | Reached skill level 10 in Translocations
128852 | Tomb:1   | Noticed a greater mummy
128855 | Tomb:1   | Noticed a greater mummy
128867 | Tomb:1   | Killed a greater mummy
128871 | Tomb:1   | Noticed a greater mummy
128874 | Tomb:1   | Killed a greater mummy
128886 | Tomb:1   | Killed a greater mummy
128886 | Tomb:1   | Noticed a greater mummy
128909 | Tomb:1   | Killed a greater mummy
129716 | Tomb:3   | Entered Level 3 of the Tomb of the Ancients
129788 | Tomb:3   | Noticed a greater mummy
129800 | Tomb:3   | Noticed an ancient lich
129801 | Tomb:3   | Noticed Boris
129811 | Tomb:3   | Noticed a greater mummy
129812 | Tomb:3   | Noticed a greater mummy
129812 | Tomb:3   | Noticed a greater mummy
129812 | Tomb:3   | Noticed a greater mummy
129815 | Tomb:3   | Killed an ancient lich
129816 | Tomb:3   | Killed a greater mummy
129816 | Tomb:3   | Killed Boris
129817 | Tomb:3   | Noticed a greater mummy
129819 | Tomb:3   | Killed a greater mummy
129819 | Tomb:3   | Noticed a greater mummy
129821 | Tomb:3   | Killed a greater mummy
129822 | Tomb:3   | Killed a greater mummy
129826 | Tomb:3   | Noticed a greater mummy
129829 | Tomb:3   | Killed a greater mummy
129833 | Tomb:3   | Killed a greater mummy
129844 | Tomb:3   | Killed a greater mummy
129856 | Tomb:3   | Killed a greater mummy
130368 | Tomb:3   | Got a transparent scale mail
130371 | Tomb:3   | Got heavily runed gold dragon scales
130372 | Tomb:3   | Identified the Grimoire of the Lucky Rocks
130451 | Tomb:3   | Got a smoking ivory ring
130495 | Tomb:3   | Identified the +1 scale mail "Zoomixta" {rPois rN++} (You
                  | found it on level 3 of the Tomb of the Ancients)
130498 | Tomb:3   | Identified the +6 gold dragon scales of Yleh {rPois rF+ rC+
                  | SInv} (You found it on level 3 of the Tomb of the Ancients)
130501 | Tomb:3   | Identified the ring "Duetar" {*Tele Dex+8} (You found it on
                  | level 3 of the Tomb of the Ancients)
130563 | Tomb:3   | Got a golden rune of Zot
133620 | Zot:5    | Entered Level 5 of the Realm of Zot
133865 | Zot:5    | Reached skill level 15 in Translocations
134250 | Zot:5    | Noticed an orb of fire
134271 | Zot:5    | Killed an orb of fire
134734 | Zot:5    | Noticed an orb of fire
134738 | Zot:5    | Noticed an ancient lich
134741 | Zot:5    | Noticed an orb of fire
134754 | Zot:5    | Killed an orb of fire
134766 | Zot:5    | Killed an ancient lich
134768 | Zot:5    | Killed an orb of fire
135038 | Zot:5    | Noticed an ancient lich
135045 | Zot:5    | Killed an ancient lich
135082 | Zot:5    | Noticed an ancient lich
135100 | Zot:5    | Killed an ancient lich
135709 | Pan      | Entered Pandemonium
136054 | Pan      | Got a bloodstained battleaxe
136066 | Pan      | Identified the +5 battleaxe of Irritation {protect, *Rage
                  | rPois Dex+6} (You found it in Pandemonium)
136089 | Pan      | Noticed Elochall the pandemonium lord
136110 | Pan      | Killed Elochall the pandemonium lord
136610 | Pan      | Noticed Umnitoan the pandemonium lord
136634 | Pan      | Killed Umnitoan the pandemonium lord
137505 | Depths:2 | Escaped Pandemonium
137511 | Zig:1    | Entered Level 1 of a ziggurat
137579 | Zig:2    | Entered Level 2 of a ziggurat
137610 | Zig:3    | Entered Level 3 of a ziggurat
137640 | Zig:3    | Got a coiled brass ring
137643 | Zig:4    | Entered Level 4 of a ziggurat
137718 | Zig:5    | Entered Level 5 of a ziggurat
137722 | Zig:5    | Noticed Cicat the pandemonium lord
137729 | Zig:5    | Killed Cicat the pandemonium lord
137801 | Zig:6    | Entered Level 6 of a ziggurat
137899 | Zig:7    | Entered Level 7 of a ziggurat
138185 | Zig:8    | Entered Level 8 of a ziggurat
138358 | Zig:8    | Identified Sif Muna's Guide on Slavery
138391 | Zig:8    | Got a bloodstained plate armour
138405 | Zig:8    | Identified the ring "Orups" {*Contam rF+ Str+7} (You found
                  | it on level 3 of a ziggurat)
138409 | Zig:8    | Identified the +1 plate armour "Eweivaxui" {rF+ Regen+
                  | Stlth+} (You found it on level 8 of a ziggurat)
138415 | Zig:9    | Entered Level 9 of a ziggurat
138424 | Zig:9    | Noticed Headior the pandemonium lord
138446 | Zig:9    | Killed Headior the pandemonium lord
138488 | Zig:9    | Got a ripped robe
138491 | Zig:9    | Identified the cursed +1 robe "Gazisuug" {Str+3 Stlth+}
                  | (You found it on level 9 of a ziggurat)
138498 | Zig:10   | Entered Level 10 of a ziggurat
138508 | Zig:10   | Noticed Gismoas the pandemonium lord
138577 | Zig:10   | Killed Gismoas the pandemonium lord
138617 | Zig:11   | Entered Level 11 of a ziggurat
138693 | Zig:11   | Identified Sif Muna's Handbook of Contamination
138702 | Zig:12   | Entered Level 12 of a ziggurat
138849 | Zig:13   | Entered Level 13 of a ziggurat
138856 | Zig:13   | Noticed an orb of fire
138857 | Zig:13   | Noticed an orb of fire
138882 | Zig:13   | Killed an orb of fire
138887 | Zig:13   | Gained mutation: You are occasionally teleported next to
                  | monsters. [an orb of fire]
138893 | Zig:13   | Gained mutation: You occasionally shout uncontrollably at
                  | your foes. [an orb of fire]
138894 | Zig:13   | Killed an orb of fire
138908 | Zig:13   | Found the +6 Majin-Bo {vamp, Archmagi MP+6 Int+6}
139098 | Zig:13   | Learned a level 9 spell: Fire Storm
139106 | Zig:14   | Entered Level 14 of a ziggurat
139117 | Zig:14   | Noticed a greater mummy
139117 | Zig:14   | Noticed a greater mummy
139119 | Zig:14   | Noticed a greater mummy
139123 | Zig:14   | Noticed a greater mummy
139136 | Zig:14   | Killed a greater mummy
139136 | Zig:14   | Reached skill level 1 in Conjurations
139136 | Zig:14   | Reached skill level 1 in Fire Magic
139138 | Zig:14   | Killed a greater mummy
139140 | Zig:14   | Killed a greater mummy
139144 | Zig:14   | Killed a greater mummy
139189 | Zig:14   | Got a faintly glowing tin ring
139203 | Zig:14   | Got a smoking bone ring
139218 | Zig:14   | Identified the ring "Akhlelun" {rElec Dex+3} (You found it
                  | on level 14 of a ziggurat)
139220 | Zig:14   | Identified the ring "Togymuu" {Fire rN+ Str+3} (You found
                  | it on level 14 of a ziggurat)
139402 | Zig:15   | Entered Level 15 of a ziggurat
139450 | Zig:15   | Reached skill level 5 in Conjurations
139525 | Zig:15   | Identified the Reference Book on Ghastly Flames
139774 | Zig:16   | Entered Level 16 of a ziggurat
139787 | Zig:16   | Paralysed by a floating eye for 4 turns
139794 | Zig:16   | Paralysed by a floating eye for 4 turns
139801 | Zig:16   | Paralysed by a floating eye for 2 turns
139805 | Zig:16   | Paralysed by a floating eye for 4 turns
139810 | Zig:16   | Paralysed by a floating eye for 3 turns
139977 | Zig:16   | Paralysed by a floating eye for 3 turns
139989 | Zig:16   | Paralysed by a floating eye for 2 turns
139998 | Zig:16   | Paralysed by a floating eye for 2 turns
140001 | Zig:16   | Paralysed by a floating eye for 3 turns
140010 | Zig:16   | Paralysed by a floating eye for 3 turns
140040 | Zig:16   | Reached skill level 5 in Fire Magic
140063 | Zig:16   | Paralysed by a floating eye for 2 turns
140077 | Zig:16   | Paralysed by a floating eye for 3 turns
140496 | Zig:16   | Found the +9 heavy crossbow "Sniper" {velocity, Acc+∞ SInv}
140505 | Zig:16   | Identified Zisimamu's Tome of Captivating Venom
140674 | Zig:17   | Entered Level 17 of a ziggurat
140712 | Zig:17   | Noticed Cafoplayps the pandemonium lord
140713 | Zig:17   | Noticed Irin the pandemonium lord
140713 | Zig:17   | Noticed Queluty the pandemonium lord
140713 | Zig:17   | Noticed Vuapoc the pandemonium lord
140713 | Zig:17   | Noticed Totachin the pandemonium lord
140713 | Zig:17   | Noticed Vilifauj the pandemonium lord
140719 | Zig:17   | Killed Vuapoc the pandemonium lord
140719 | Zig:17   | Killed Cafoplayps the pandemonium lord
140721 | Zig:17   | Killed Totachin the pandemonium lord
140724 | Zig:17   | Killed Irin the pandemonium lord
140727 | Zig:17   | Killed Vilifauj the pandemonium lord
140727 | Zig:17   | Reached skill level 10 in Conjurations
140748 | Zig:17   | Killed Queluty the pandemonium lord
140931 | Depths:2 | Upgraded the game from 0.24.0-28-g17ded55e90 to
                  | 0.24.0-29-g8ce449bc06
141189 | Zot:5    | Got the Orb of Zot
141285 | Zot:4    | Reached skill level 10 in Fire Magic
141570 | D:15     | Noticed Ritagilo the pandemonium lord
141591 | D:15     | Killed Ritagilo the pandemonium lord
141629 | D:14     | Noticed Wyorir the pandemonium lord
141652 | D:14     | Killed Wyorir the pandemonium lord
142020 | D:$      | Escaped with the Orb!

Levels and vault maps discovered:
D:1:      minmay_arrival_radiant_lines, layout_loops_ring,
          kennysheep_decorative_pillar
D:2:      layout_loops_corners, nicolae_overflow_hidden_temple
D:3:      lemuel_castle_with_subvaults [lemuel_castle_interior_carwin_2],
          layout_basic, amethyst_killhole, minivault_25, uniq_natasha
D:4:      layout_loops_ring, first_ration, roderic_lattice_a,
          minmay_misc_feat_square, minmay_mini_ossuary
D:5:      layout_gridville, minmay_temple_entry_nine_rooms
D:6:      layout_basic, grunt_temple_overflow_open, minmay_misc_feat_diagonals,
          hex_medium
D:7:      layout_basic, uniq_menkaure, uniq_harold, uniq_crazy_yiuf_cottage
D:8:      layout_rooms, lightli_orcish_oven
D:9:      layout_loops_ring, zombieorc2_lemuel, basic_altar, serial_shops, shop,
          gammafunk_ghost_mausoleum, hangedman_little_slice_of_home, uniq_erica
D:10:     layout_basic, lair_entry_dummy
D:11:     layout_stronghold, enter_trove_5, hangedman_abyss_or_decor_slice,
          grunt_tough_drop, uniq_psyche
D:12:     layout_irregular_city, minmay_shop_chei, worms_lemuel
D:13:     layout_loops_ring
D:14:     layout_basic, ximxim_vaults_locker_room, enter_bailey_2
D:15:     grunt_enter_depths_hoard, layout_cave_pools, lemuel_hellish_altar
Temple:   minmay_freezing_vapour_temple
Lair:1:   layout_loops_ring, gammafunk_ghost_berserking_beasts,
          lemuel_fruit_tree, grunt_megastairs_1, serial_bayou_shore_a
Lair:2:   layout_cave_pods, spider_nest_entry_webs, uniq_prince_ribbit2
Lair:3:   layout_roguey, grunt_megastairs_4, minmay_lair_oklob_chamber
Lair:4:   layout_hall_layers, skrybe_swamp_entry_bodies
Lair:5:   layout_misc_corridors, portal_ice_cave_rime
Lair:6:   gammafunk_lair_ancient_temple, layout_long_grid,
          minmay_slime_entry_oklob_enclosed, special_room [special_room_bee],
          minivault_24
Swamp:1:  gammafunk_its_a_trap, layout_basic_swamp, hangedman_swamp_blocks
Swamp:2:  layout_basic_swamp, evilmike_swamp_ruin_house_3, uniq_frances,
          uniq_jorgrun
Swamp:3:  layout_falls_marsh, evilmike_swamp_ruin_house_6
Swamp:4:  swamp_basic_johnstein, layout_basic_swamp
Spider:1: layout_spider_delve, nicolae_spider_webbed_stairs, uniq_azrael,
          uniq_aizul, uniq_asterion
Spider:2: layout_spider_delve
Spider:3: layout_spider_delve, hive_lemuel
Spider:4: grunt_spider_rune_circles, drop_trap
Slime:1:  layout_caves
Slime:2:  layout_caves
Slime:3:  layout_caves, cheibrodos_slime_lost_civilization_6
Slime:4:  layout_caves
Slime:5
Orc:1:    layout_caves, serial_shops, shop, minmay_orc_temple_b
Orc:2:    st_orc_ogre_mass, layout_caves, basic_altar, nicolae_orc_lost_temple,
          uniq_josephine
Elf:1:    minmay_elf_arrival_plus, layout_loops_cross, minmay_elf_sorcery
Elf:2:    layout_geoelf_octagon, serial_shops, shop,
          gammafunk_ghost_tricky_traps
Elf:3:    elf_hall, layout_geoelf_castle, lightli_enter_wizlab_magi_temple,
          st_stairs_7, uniq_saint_roka
Vaults:1: v_misc_8, vaults_room_hangedman_quadrants,
          nicolae_vaults_border_crossing, v_misc_14, vaults_dpeg_hooks,
          v_alt_pattern_2, vaults_room_fours, ontoclasm_vaults_pinch,
          hangedman_vaults_nails, v_misc_12, ontoclasm_vaults_decontamination,
          layout_vaults_omnigrid, serial_shops, nicolae_shop_stone
Vaults:2: grunt_vaults_focal, nicolae_vaults_yaktaur_gun_rack,
          nicolae_vaults_three_branches, grunt_vaults_hallway_long,
          nicolae_vaults_network_s, v_misc_15, nicolae_vaults_murderbox,
          v_misc_9, v_misc_13, ontoclasm_vaults_spin,
          nicolae_vaults_big_angled_halls, hangedman_vaults_snaps,
          ontoclasm_vaults_tryst, ontoclasm_vaults_gateway,
          vaults_room_door_ring, layout_vaults_omnicross, serial_shops,
          nicolae_shop_stone, uniq_sojobo
Vaults:3: ebering_vaults_ghost_inner_flame, st_octagons_2,
          minmay_crypt_entry_necro_gods, nicolae_vaults_little_squares_3,
          ontoclasm_vaults_twist, serial_ice_b, grunt_vaults_trifunnel,
          hangedman_vaults_river_flow, ontoclasm_vaults_ligature,
          ontoclasm_vaults_misaligned, vaults_mumra_minichess, vaults_room_pool,
          layout_vaults_omnibox, serial_shops, shop
Vaults:4: nicolae_vaults_disjoint_gnomons, nicolae_vaults_ninety_degrees,
          v_misc_8, v_misc_16, grunt_vaults_twisty, vaults_dpeg_ring,
          ontoclasm_vaults_gallery, nicolae_vaults_little_squares_6,
          vaults_room_pool, serial_ice_h, layout_vaults_chaotic_city,
          serial_shops, shop_statue
Vaults:5
Crypt:1:  layout_gridlike
Crypt:2:  layout_rooms
Crypt:3:  evilmike_haunted_forest, uniq_margery
Tomb:1:   uniq_mennas
Tomb:2
Tomb:3:   uniq_boris
Depths:1: layout_cave_shapes, minmay_misc_feat_doors, pf_hell_entry_tar_river,
          minmay_multi_spiral
Depths:2: due_jory_tower, layout_gridlike, rand_demon_pan_entry_5, hell_entry,
          minmay_misc_feat_cross, nrook_mini_backslash, hangedman_aviary,
          minmay_staircase_statues_hall_small
Depths:3: minmay_box_of_curves, layout_basic, minmay_stone_trees_medium,
          rand_demon_pan_entry_7, marbit_kobold_abyss_entry,
          grunt_hell_entry_dis_mu, grunt_ministairs_7,
          minmay_misc_feat_four_crosses
Depths:4: minmay_the_grid_four_pointed_star
          [minmay_the_grid_triangle_9x9_zippers_vertical,
          minmay_the_grid_triangle_9x9_windchime,
          minmay_the_grid_triangle_9x9_subtriangle,
          minmay_the_grid_triangle_9x9_odd_lines,
          minmay_the_grid_prize_trominoes], layout_cave_shapes,
          enter_ziggurat_e, hangedman_geh_valley, serial_shops, shop,
          abyss_entry, infiniplex_staircase_pool_2
Depths:5: evilmike_zot_entry_round, layout_cave_shapes, hellmouth_1,
          abyss_entry, minmay_misc_feat_tower, st_stairs_13,
          chequers_serial_rivers_micro_e, ebering_dispersal_statue_hall,
          minmay_hollow_rounded_squares
Hell
Dis:1:    layout_regular_city, hangedman_player_shredder
Dis:2:    layout_regular_city, grunt_megastairs_3, lemuel_elevator
Dis:3:    layout_chaotic_city
Dis:4:    layout_gridville
Dis:5:    layout_jigsaw
Dis:6:    layout_gridville, lemuel_elevator
Dis:7:    iron_city_of_dis [dis_old, dis_wall_6], layout_chaotic_city,
          nicolae_dis_lava_storage_tank
Geh:1:    layout_gehenna_pools_box
Geh:2:    layout_gehenna_pools_box
Geh:3:    layout_gehenna_lava_caves, minmay_fire_ice_demons
Geh:4:    layout_gehenna_pools_basic
Geh:5:    layout_gehenna_pools_box
Geh:6:    layout_gehenna_pools_basic
Geh:7:    geh_hangedman
Coc:1:    layout_ice_bergs
Coc:2:    layout_cocytus_water_paths
Coc:3:    layout_cocytus_water_paths
Coc:4:    layout_cocytus_water_paths
Coc:5:    layout_ice_bergs
Coc:6:    layout_ice_bergs
Coc:7:    coc_old
Tar:1:    layout_grid_maze
Tar:2:    layout_cathedral_of_symmetry, evilmike_ambush
          [evilmike_ambush_outer_basic, evilmike_ambush_inner_wall_2]
Tar:3:    layout_cathedral_of_symmetry, door_vault
Tar:4:    layout_grid_maze
Tar:5:    layout_cathedral_of_symmetry, nicolae_tar_cuneiform_city,
          grunt_megastairs_5
Tar:6:    layout_cathedral_of_symmetry, nicolae_tar_cuneiform_oil
Tar:7:    tar_grunt_cathedral
Zot:1:    layout_gridlike, st_stairs_10
Zot:2:    layout_cathedral_of_symmetry
Zot:3:    minmay_elemental_castle, layout_cathedral_of_symmetry
Zot:4:    layout_gridville
Zot:5:    layout_cathedral_of_symmetry

Skill      XL: |  1  2  3  4  5  6  7  8  9 10 11 12 13 14 15 16 17 18 19 20 21 22 23 24 25 26 27 |
---------------+----------------------------------------------------------------------------------+-----
Fighting       | 4 5 6 7 9 10 11 12 13 14 16 18 19 20 21 22 23 27 | 27.0
Maces & Flails | 3 4 5 6 9 10 11 12 13 14 15 16 18 19 20 21 27 | 27.0
Dodging        | 4 7 9 11 12 13 14 15 16 17 18 19 20 21 22 27 | 27.0
Armour         | 5 7 9 10 11 27 | 27.0
Shields        | 5 7 9 10 11 12 14 15 27 | 27.0
Invocations    | 8 10 12 15 16 17 18 19 20 27 | 27.0
Evocations     | 27 | 27.0
Spellcasting   | 25 | 25.4
Translocations | 20 | 20.3
Conjurations   | 12 | 12.3
Fire Magic     | 11 | 11.3

Action                   |  1- 3 |  4- 6 |  7- 9 | 10-12 | 13-15 | 16-18 | 19-21 | 22-24 | 25-27 || total
-------------------------+-------+-------+-------+-------+-------+-------+-------+-------+-------++-------
Melee: Flail             |   161 |   310 |   321 |   573 |  1332 |   832 |  1459 |    36 |       ||  5024
       Sacred scourge    |       |       |       |       |       |   595 |   420 |  1693 | 18108 || 20816
       Whip              |       |       |       |       |       |       |       |       |  1032 ||  1032
 Cast: Controlled Blink  |       |       |       |       |       |       |       |       |     3 ||     3
Invok: Divine Shield     |       |       |       |       |     1 |       |       |       |     5 ||     6
       Brand Weapon With |       |       |       |       |       |     1 |       |       |       ||     1
       Cleansing Flame   |       |       |       |       |       |       |       |    25 |   211 ||   236
       Summon Divine War |       |       |       |       |       |       |       |     1 |    25 ||    26
 Abil: Fly               |       |       |       |       |     1 |       |     1 |       |     4 ||     6
       Stop Flying       |       |       |       |       |       |       |     1 |       |     5 ||     6
Evoke: Wand              |       |       |       |       |    35 |     5 |       |     1 |     2 ||    43
       Figurine of a zig |       |       |       |       |       |       |       |       |     1 ||     1
  Use: Scroll            |       |       |    17 |    10 |    14 |    18 |    11 |    14 |    70 ||   154
       Potion            |       |       |     3 |       |    10 |     5 |     5 |       |    48 ||    71
  Eat: Chunk             |       |     7 |    12 |    18 |    21 |    20 |    17 |    12 |    68 ||   175
       Ration            |       |       |     1 |     1 |     7 |     4 |     6 |     6 |    75 ||   100
Armor: Scale mail        |   106 |   196 |    63 |       |       |       |       |       |  1148 ||  1513
       Ring mail         |       |       |    78 |   174 |   292 |       |       |       |       ||   544
       Leather armour    |       |       |       |       |    79 |   347 |   299 |   207 |  1208 ||  2140
Dodge: Dodged            |    42 |   109 |    90 |   196 |   695 |   784 |  1013 |  1040 | 10195 || 14164
Block: Shield            |    98 |   171 |   157 |   348 |  1021 |  1225 |  1485 |  1430 | 10914 || 16849
       Reflection        |       |       |       |       |       |     3 |    68 |    47 |   167 ||   285
       Large shield      |       |       |       |       |       |       |       |       |  4860 ||  4860
